 Dungeon Crawl Stone Soup version 0.29-a0-369-gd956c00756 (webtiles) character file.

Game seed: 13534726329241230040

1260812 Antichthon the Gargoyle Barricade (level 27, -2/139 HPs)
             Began as a Gargoyle Fighter on May 1, 2022.
             Was the Champion of the Shining One.
             Killed from afar by a hellion (34 damage)
             ... with damnation
             ... in Pandemonium on May 2, 2022.
             The game lasted 09:17:52 (174260 turns).

Antichthon the Gargoyle Barricade (GrFi)          Turns: 174260, Time: 09:17:53

Health: -2/139     AC: 74    Str: 32 (33) XL:     27
Magic:  43/43      EV: 12    Int:  5      God:    the Shining One [******]
Gold:   17753      SH: 30    Dex:  5      Spells: 23/68 levels left

rFire   + + .      SeeInvis .   b - +9 sacred scourge (holy)
rCold   + . .      Faith    .   V - +8 tower shield {reflect}
rNeg    + + +      Spirit   .   f - +14 crystal plate armour of Insurance {rF+}
rPois   ∞          Reflect  +   T - +2 helmet
rElec   +          Harm     +   j - +2 cloak {Will+}
rCorr   +          Rampage  .   e - +2 pair of gloves {hurl}
Will    +++++      Rage     1%  E - +1 pair of boots of Daciastra {Slay+3}
Stlth   .......... Rnd*Tele +   K - amulet of Nonwic {Harm rF++ rN+ Regen+ Int-5}
HPRegen 0.00/turn               o - ring of the Zebra {rCorr Str+6}
MPRegen 0.28/turn               Z - ring "Noqot" {Ice +Blink Will+ Slay+3}

@: flying, inhibited regen, glowing, studying 2 skills, unable to read
A: sickness immunity, AC +20, big wings, negative energy resistance 1,
electricity resistance, torment resistance 1, petrification resistance, berserk
1, clumsy 2, deformed body, deterioration 2, dopey 1, frail 3, low MP 1,
strong-willed 1, screaming 2, inhibited regeneration, teleportitis 1, weak 2,
subdued magic 2, inability to read while threatened, devolution 1
}: 9/15 runes: decaying, serpentine, slimy, silver, demonic, glowing, magical,
fiery, dark
a: Renounce Religion, Evoke Blink, Divine Shield, Cleansing Flame, Summon Divine
Warrior


You were in Pandemonium.
You worshipped the Shining One.
The Shining One was exalted by your worship.
You visited 13 branches of the dungeon, and saw 58 of its levels.
You visited Pandemonium 5 times, and saw 101 of its levels.
You visited the Abyss 3 times.
You visited 1 bazaar.
You also visited: Sewer and Ice Cave.

You collected 21542 gold pieces.
You spent 3789 gold pieces at shops.

Inventory:

Hand Weapons
 a - a +9 vorpal eveningstar
 b - a +9 sacred scourge of holy wrath (weapon)
 c - the +9 war axe of Risk Management {speed, rF+ Will+}
   (You took it off a balrug in Pandemonium)

   Attacks with this weapon are significantly faster.
   rF:        It protects you from fire.
   Will:      It increases your willpower.
Missiles
 A - 9 silver boomerangs (quivered)
Armour
 e - a +2 pair of gloves of hurling (worn)
 f - the +14 crystal plate armour of Insurance (worn) {rF+}
   (You acquired it on level 1 of the Dungeon)

   rF:        It protects you from fire.
 j - a +2 cloak of willpower (worn)
 E - the +1 pair of boots of Daciastra (worn) {Slay+3}
   (You acquired it in Pandemonium)

   Slay:      It affects your accuracy & damage with ranged weapons and melee
   (+3).
 T - a +2 helmet (worn)
 V - a +8 tower shield of reflection (worn)
Jewellery
 o - the ring of the Zebra (left hand) {rCorr Str+6}
   (You took it off a vampire on level 10 of the Dungeon)

   [ring of strength]

   Str:       It affects your strength (+6).
   rCorr:     It protects you from acid and corrosion.
 K - the amulet of Nonwic (around neck) {Harm rF++ rN+ Regen+ Int-5}
   (You acquired it in Pandemonium)

   [amulet of regeneration]

   Int:       It affects your intelligence (-5).
   rF:        It greatly protects you from fire.
   rN:        It protects you from negative energy.
   Regen:     It increases your rate of health regeneration.
   Harm:      It increases damage dealt and taken.
 R - the ring "Tostren" {rElec rC++ MP-9 AC+4 Dex+3}
   (You found it in Pandemonium)

   [ring of protection]

   AC:        It affects your AC (+4).
   Dex:       It affects your dexterity (+3).
   rC:        It greatly protects you from cold.
   rElec:     It insulates you from electricity.
   MP:        It affects your magic capacity (-9).
 Z - the ring "Noqot" (right hand) {Ice +Blink Will+ Slay+3}
   (You took it off a seraph in Pandemonium)

   [ring of ice]

   It enhances your ice magic.
   Slay:      It affects your accuracy & damage with ranged weapons and melee
   (+3).
   rF:        It makes you vulnerable to fire.
   rC:        It protects you from cold.
   +Blink:    It lets you blink.
   Will:      It increases your willpower.
Wands
 r - a wand of flame (241)
 F - a wand of mindburst (78)
 G - a wand of acid (109)
 N - a wand of polymorph (78)
 O - a wand of paralysis (45)
 P - a wand of iceblast (134)
 S - a wand of digging (52)
 U - a wand of charming (58)
Scrolls
 i - 29 scrolls of vulnerability
 k - 34 scrolls of fear
 l - 15 scrolls of holy word
 m - 8 scrolls of silence
 p - 42 scrolls of teleportation
 s - 31 scrolls of blinking
 v - 10 scrolls of summoning
 y - 23 scrolls of enchant armour
 C - 30 scrolls of immolation
 D - 32 scrolls of amnesia
 J - 41 scrolls of fog
 L - 19 scrolls of magic mapping
 M - 17 scrolls of enchant weapon
 Y - 12 scrolls of brand weapon
Potions
 d - 24 potions of might
 g - 17 potions of haste
 h - 81 potions of curing
 q - 31 potions of lignification
 t - 22 potions of berserk rage
 u - 14 potions of cancellation
 w - 19 potions of magic
 x - 8 potions of resistance
 z - 9 potions of ambrosia
 B - 37 potions of heal wounds
 H - 25 potions of attraction
 Q - 38 potions of brilliance


   Skills:
 O Level 27 Fighting
 - Level 22.7(27) Axes
 O Level 27 Maces & Flails
 O Level 27 Throwing
 O Level 27 Armour
 O Level 27 Dodging
 - Level 2.2 Stealth
 O Level 27 Shields
 * Level 21.2 Spellcasting
 * Level 21.3 Ice Magic
 O Level 27 Invocations
 - Level 2.9 Evocations


You had 23 spell levels left.
You knew the following spells:

 Your Spells              Type           Power      Damage    Failure   Level
a - Polar Vortex          Ice            12%        N/A       98%         9
b - Chain Lightning       Conj/Air       1%         3d2       100%        9
c - Shatter               Erth           1%         3d6*      100%        9
d - Fire Storm            Conj/Fire      1%         8d1       100%        9
e - Dragon's Call         Summ           1%         N/A       100%        9

Your spell library contained the following spells:

 Spells                   Type           Power      Damage    Failure   Level
 Freeze                   Ice            100%       1d11      0%          1
 Frozen Ramparts          Ice            50%        1d7       0%          3
 Ozocubu's Armour         Ice            25%        N/A       0%          3
 Ensorcelled Hibernation  Hex/Ice        28%        N/A       1%          2
 Hailstorm                Conj/Ice       14%        3d5       1%          4
 Ice Form                 Ice/Tmut       14%        N/A       1%          4
 Summon Ice Beast         Ice/Summ       14%        N/A       1%          4
 Ozocubu's Refrigeration  Ice            12%        4d7       1%          7
 Metabolic Englaciation   Hex/Ice        7%         N/A       6%          5
 Animate Skeleton         Necr           6%         N/A       21%         1
 Apportation              Tloc           6%         N/A       21%         1
 Beastly Appendage        Tmut           6%         N/A       21%         1
 Foxfire                  Conj/Fire      12%        2x1d4     21%         1
 Magic Dart               Conj           12%        1d3       21%         1
 Pain                     Necr           12%        1d4       21%         1
 Shock                    Conj/Air       12%        1d3       21%         1
 Sting                    Tmut/Pois      12%        1d3       21%         1
 Summon Small Mammal      Summ           12%        N/A       21%         1
 Freezing Cloud           Conj/Ice/Air   5%         6-21      30%         5
 Blink                    Tloc           6%         N/A       32%         2
 Call Imp                 Summ           3%         N/A       32%         2
 Corpse Rot               Necr/Air       6%         N/A       32%         2
 Passwall                 Tmut/Erth      2%         N/A       32%         2
 Poisonous Vapours        Pois/Air       6%         N/A       32%         2
 Scorch                   Fire           6%         2d5       32%         2
 Searing Ray              Conj           6%         2d4       32%         2
 Static Discharge         Conj/Air       3%         N/A       32%         2
 Wereblood                Tmut           3%         N/A       32%         2
 Simulacrum               Ice/Necr       7%         N/A       41%         6
 Call Canine Familiar     Summ           3%         N/A       56%         3
 Conjure Flame            Conj/Fire      3%         6-21      56%         3
 Dazzling Flash           Conj/Hex       6%         N/A       56%         3
 Gell's Gravitas          Tloc           3%         N/A       56%         3
 Ignite Poison            Fire/Tmut/Pois 3%         N/A       56%         3
 Inner Flame              Hex/Fire       3%         N/A       56%         3
 Lesser Beckoning         Tloc           3%         N/A       56%         3
 Mephitic Cloud           Conj/Pois/Air  3%         N/A       56%         3
 Portal Projectile        Hex/Tloc       6%         N/A       56%         3
 Spider Form              Tmut/Pois      3%         N/A       56%         3
 Stone Arrow              Conj/Erth      6%         3d7       56%         3
 Summon Guardian Golem    Hex/Summ       3%         N/A       56%         3
 Swiftness                Air            3%         N/A       56%         3
 Teleport Other           Tloc           3%         N/A       56%         3
 Tukima's Dance           Hex            3%         N/A       56%         3
 Vampiric Draining        Necr           3%         2d6       56%         3
 Airstrike                Air            1%         N/A       93%         4
 Anguish                  Hex/Necr       1%         N/A       93%         4
 Animate Armour           Summ/Erth      6%         N/A       93%         4
 Cause Fear               Hex            1%         N/A       93%         4
 Dispel Undead            Necr           3%         3d7       93%         4
 Flame Wave               Conj/Fire      3%         2d4       93%         4
 Fulminant Prism          Conj/Hex       1%         3d6       93%         4
 Iskenderun's Mystic Bla  Conj/Tloc      3%         2d3       93%         4
 Leda's Liquefaction      Hex/Erth       1%         N/A       93%         4
 Olgreb's Toxic Radiance  Pois           3%         N/A       93%         4
 Passage of Golubria      Tloc           3%         N/A       93%         4
 Petrify                  Tmut/Erth      3%         N/A       93%         4
 Sticky Flame             Conj/Fire      3%         2d3       93%         4
 Summon Lightning Spire   Summ/Air       3%         N/A       93%         4
 Agony                    Necr           3%         N/A       100%        5
 Alistair's Intoxication  Tmut/Pois      2%         N/A       100%        5
 Blade Hands              Tmut           1%         N/A       100%        5
 Borgnjor's Vile Clutch   Necr/Erth      1%         N/A       100%        5
 Excruciating Wounds      Necr           1%         N/A       100%        5
 Fireball                 Conj/Fire      1%         3d3       100%        5
 Irradiate                Conj/Tmut      1%         3d13      100%        5
 Lee's Rapid Deconstruct  Erth           1%         3d5*      100%        5
 Lightning Bolt           Conj/Air       1%         1d12      100%        5
 Manifold Assault         Tloc           3%         N/A       100%        5
 Silence                  Hex/Air        1%         N/A       100%        5
 Summon Forest            Summ/Tloc      1%         N/A       100%        5
 Summon Mana Viper        Hex/Summ       3%         N/A       100%        5
 Yara's Violent Unravell  Hex/Tmut       1%         3d3       100%        5
 Conjure Ball Lightning   Conj/Air       1%         3x3d6     100%        6
 Dispersal                Tloc           1%         N/A       100%        6
 Eringya's Noxious Bog    Tmut/Pois      1%         N/A       100%        6
 Starburst                Conj/Fire      1%         6d3       100%        6
 Summon Cactus Giant      Summ           1%         N/A       100%        6
 Dragon Form              Tmut           1%         N/A       100%        7
 Enfeeble                 Hex            1%         N/A       100%        7
 Malign Gateway           Summ/Tloc      1%         N/A       100%        7
 Monstrous Menagerie      Summ           1%         N/A       100%        7
 Orb of Destruction       Conj           1%         9d5       100%        7
 Spellforged Servitor     Conj/Summ      1%         N/A       100%        7
 Storm Form               Tmut/Air       1%         N/A       100%        7
 Summon Hydra             Summ           1%         N/A       100%        7
 Discord                  Hex            1%         N/A       100%        8
 Disjunction              Tloc           1%         N/A       100%        8
 Ignition                 Fire           1%         3d3       100%        8
 Lehudib's Crystal Spear  Conj/Erth      1%         10d2      100%        8
 Maxwell's Capacitive Co  Air            1%         ∞         100%        8
 Summon Horrible Things   Summ           1%         N/A       100%        8
 Sublimation of Blood     Necr           Unusable   N/A       N/A         2
 Statue Form              Tmut/Erth      Unusable   N/A       N/A         6

Dungeon Overview and Level Annotations

Branches:
Dungeon (15/15)            Temple (1/1) D:5            Lair (6/6) D:11
  Swamp (4/4) Lair:4        Snake (4/4) Lair:3        Slime (5/5) Lair:5
    Orc (2/2) D:12            Elf (3/3) Orc:2        Vaults (5/5) D:14
  Crypt (3/3) Vaults:2       Tomb (0/3) Crypt:3      Depths (4/4) D:15
   Hell (visited)             Dis (0/7) Hell            Geh (0/7) Hell
    Coc (0/7) Hell            Tar (0/7) Hell            Zot (5/5) Depths:4
  Sewer (visited)           IceCv (visited)

Altars:
Ashenzari
Cheibriados
Dithmenos
Elyvilon
Fedhas
Gozag
Hepliaklqana
Kikubaaqudgha
Makhleb
Nemelex Xobeh
Okawaru
Qazlal
Ru
Sif Muna
Trog
Uskayaw
Vehumet
Wu Jian
Xom
Yredelemnul
Zin
The Shining One
Beogh
Jiyva

Shops:
D:3 ?   D:4 *(*?   D:9 !   D:10 *   D:11 =   Orc:1 (([(   Orc:2 (*:[
Snake:1 (=::   Zot:5 *   Depths:1 [   Depths:2 =

Portals:
Hell: Lair:6 Depths:1 Depths:2 Depths:3 Depths:4
Abyss: Depths:2 Depths:3
Pandemonium: Depths:2 Depths:4
Ziggurat: Depths:1


Innate Abilities, Weirdness & Mutations

You are immune to sickness and miasma.
Your stone body is resilient. (AC +20)
You are immune to poison.
Your large and strong wings let you fly.
You resist negative energy. (rN+)
You are resistant to electric shocks. (rElec)
You are resistant to unholy torment.
You are immune to petrification.
You tend to lose your temper in combat.
You are very clumsy. (Dex -4)
Armour fits poorly on your strangely shaped body.
Your body often deteriorates upon taking damage.
You are dopey. (Int -2)
You are extremely frail. (-30% HP)
Your magical capacity is low. (-10% MP)
You are strong-willed. (Will+)
You frequently scream uncontrollably at your foes.
You do not regenerate when monsters are visible.
You are occasionally teleported next to monsters.
You are very weak. (Str -4)
Your spells are easier to cast, but less powerful.
You sometimes lose the ability to read scrolls when taking damage.
You have hidden genetic defects.


Message History

You reach down and open the door.
There is an open door here.
Found a war axe.
A large abomination comes into view.
You thrash the large abomination!!
The large abomination convulses!!
You destroy the large abomination!
The Shining One accepts your kill.
A reaper comes into view. It is wielding a +2 antimagic scythe.
There is an open door here.
The reaper hits you but does no damage.
You hit the reaper.
The reaper convulses!
The reaper is moderately wounded.
You block the reaper's attack.
You hit the reaper.
The reaper convulses.
The reaper is moderately wounded.
You thrash the reaper!!
The reaper convulses!!
You kill the reaper!
The Shining One accepts your kill.
You feel your dexterity returning.
You see here a +2 antimagic scythe.
There is an open door here.
There is an open door here.
A hellion comes into view.
The hellion moves out of view.
The hellion gestures at you.
The sphere of damnation explodes!
The damnation engulfs you!!!
You hear a screech!
You hear a hideous shriek!
You hear a loud, deep croak!
There is an open door here.
The hellion gestures at you.
The sphere of damnation explodes!
The damnation engulfs you!!
You feel threatened and lose the ability to read scrolls!
You hear a shout!
The hellion gestures at you.
The sphere of damnation explodes!
The damnation engulfs you!!!
* * * LOW HITPOINT WARNING * * *
Your body deteriorates!
You feel weakened.
The damnation engulfs the hellion.
The hellion completely resists.
The hellion gestures at you.
The sphere of damnation explodes!
The damnation engulfs you!!
You die...

####### ...... ......
..... .....
##...#####...###########
.'...#...#...#..........
#...#...#...#...2......
#...#...#...#..@.......
#...#...#...#..........
#...'...'...#'#########
#...#...#............
#...#...#............
#...#...#...#########
#...#...#...#
#...#...#...#
#...#...#...#


You could see a hellion.

Vanquished Creatures
  Cerebov (Pan)
  Ignacio (Pan)
  the Royal Jelly (Slime:5)
  Gloorx Vloq (Pan)
  Lom Lobon (Pan)
  A seraph (Pan)
  Mnoleg (Pan)
  Mennas (Pan)
  Sojobo (Crypt:1)
  A Killer Klown (Zot:2)
  Parghit (Zot:3)
  the Lernaean hydra (Swamp:4)
  Vashnia (Snake:2)
  2 caustic shrikes
  Geryon (Hell)
  2 curse toes
  Jory (Depths:2)
  6 golden dragons
  The ghost of Usuebad the Warrior, an adept DgCj (Depths:4)
  3 profane servitors
  Nikola (Depths:1)
  2 pearl dragons (Pan)
  86 pandemonium lords (Pan)
  46 Tzitzimimeh (Pan)
  2 bone dragons
  47 Brimstone Fiends (Pan)
  3 electric golems (Zot:2)
  A shard shrike zombie (Abyss:3)
  55 Hell Sentinels (Pan)
  46 Ice Fiends (Pan)
  5 hellephants
  23 tentacled monstrosities
  The ghost of Qaptet the Warrior, an adept MiBe of Trog (Swamp:2)
  The ghost of MeatMancer the Warrior, an adept MiBe of Trog (Swamp:4)
  Jorgrun (Elf:1)
  7 Orb Guardians (Zot:5)
  8 liches
  2 deep elf master archers (Elf:3)
  7 titans
  7 quicksilver dragons
  114 Executioners
  2 deep elf blademasters
  7 tentacled starspawn
  6 sphinxes
  Gastronok (D:8)
  A walking frostbound tome (Depths:3)
  16 acid blobs
  8 death cobs
  2 ancient champions (Crypt:2)
  Frances (Lair:4)
  Kirke (Snake:1)
  Agnes (Snake:2)
  7 draconian monks
  A thorn hunter (Swamp:4)
  10 tengu reavers
  14 storm dragons
  4 revenants (Crypt:1)
  7 nagarajas
  18 azure jellies
  16 rockslimes
  22 daevas
  9 shadow dragons
  Donald (Orc:2)
  6 draconian knights
  13 vault wardens
  A fenstrider witch (Swamp:2)
  6 fire giants
  62 demonspawn warmongers (Pan)
  The ghost of Taheskul the Blocker, a journeyman DDNe of Uskayaw (D:14)
  3 iron dragons
  7 frost giants
  3 deep elf sorcerers (Elf:3)
  11 ghost moths
  Louise (Swamp:2)
  A juggernaut zombie (Crypt:2)
  2 draconian stormcallers
  21 ghouls
  111 balrugs (Pan)
  4 spectral caustic shrikes (Depths:2)
  28 angels
  5 draconian scorchers
  13 deep elf elementalists
  2 orc warlords
  Aizul (Snake:2)
  The ghost of Wetizan the Protected, a journeyman MiBe of Trog (Depths:4)
  103 cacodemons (Pan)
  8 curse skulls
  84 demonspawn blood saints (Pan)
  11 draconian shifters
  29 very ugly things
  9 draconian annihilators
  18 ironbound preservers
  16 stone giants
  3 war gargoyles
  7 ironbound thunderhulks
  8 quicksilver oozes
  63 demonspawn corrupters (Pan)
  9 vampire knights
  3 caustic shrike skeletons
  7 green draconians
  89 reapers (Pan)
  20 ophanim (Pan)
  30 apis (Pan)
  The ghost of Lemondrips the Unseen, a journeyman SpHu of Dithmenos (Orc:1)
  2 eleionomae (Swamp:4)
  11 black draconians
  117 lorocyprocas (Pan)
  5 deep elf demonologists
  3 dire elephants (Vaults:3)
  13 red draconians
  11 white draconians
  80 demonspawn black suns (Pan)
  3 entropy weavers
  9 deep elf annihilators
  12 yellow draconians
  5 bunyips
  7 purple draconians
  4 spark wasps (Depths:3)
  111 blizzard demons
  2 crystal guardians
  A mummy priest (Crypt:3)
  The ghost of SirDiesAlot the Basher, a journeyman OgGl of Okawaru (D:10)
  Snorg (Orc:1)
  8 deep elf death magi
  9 ettins
  4 deep elf high priests
  A shambling mangrove (Swamp:2)
  14 yaktaur captains
  21 eidola
  13 fire dragons
  2 spriggan zombies (Crypt:3)
  Josephine (Swamp:1)
  85 green deaths (Pan)
  12 jiangshi
  A kraken zombie (Hell)
  Erolcha (D:10)
  13 ice dragons
  A great orb of eyes (shapeshifter) (Vaults:5)
  Harold (D:9)
  A quicksilver dragon zombie (Crypt:3)
  34 hell beasts (Pan)
  38 vault guards
  9 spriggan air magi
  16 great orbs of eyes
  2 salamander tyrants (Snake:4)
  26 hydras
  2 peacekeepers
  2 boulder beetles
  A catoblepas (Lair:2)
  20 rakshasas
  3 ghost crabs
  2 juggernaut simulacra (Pan)
  2 death knights (Crypt:3)
  7 centaur warriors
  2 ogre magi (D:15)
  18 anacondas
  28 naga warriors
  A fenstrider witch skeleton (Crypt:1)
  5 ironbound frosthearts
  An anaconda (shapeshifter) (Vaults:4)
  12 alligators
  12 two-headed ogres
  13 death yaks
  3 deep troll earth magi
  6 tengu warriors
  The ghost of Zaevetera the Stormcaller, a journeyman TeAE (D:13)
  Urug (D:13)
  2 spriggan berserkers (Depths:3)
  21 naga sharpshooters
  29 dancing weapons
  3 orc high priests
  3 titan zombies
  8 hell hogs
  5 deep troll shamans
  10 vampire magi
  14 thrashing horrors
  11 hell knights
  9 shock serpents
  257 soul eaters
  6 holy swine (Pan)
  A storm dragon zombie (Crypt:1)
  14 deep elf knights
  Nergalle (D:12)
  4 iron trolls
  147 sixfirhies
  451 sun demons
  A bunyip zombie (Crypt:1)
  12 wretched stars (Abyss:3)
  31 skeletal warriors
  An iron giant zombie (Abyss:3)
  2 salamander mystics (Snake:3)
  18 shadow wraiths
  12 flayed ghosts
  6 goliath frogs
  10 naga ritualists
  An orb spider (shapeshifter) (D:10)
  A titan skeleton (Depths:2)
  8 sea snakes
  89 shadow demons
  A death drake (Abyss:3)
  3 spriggan druids
  8 glowing orange brains
  53 deep trolls
  18 cherubim (Pan)
  A kraken simulacrum (Hell)
  6 deep elf archers
  11 bog bodies
  8 necromancers
  An anaconda skeleton (Hell)
  17 swamp dragons
  32 phantasmal warriors
  7 lindwurms
  16 deep elf zephyrmancers
  A lindwurm (shapeshifter) (Abyss:3)
  11 wizards
  30 deep elf pyromancers
  5 harpies (Vaults:1)
  15 ironbound convokers
  16 mana vipers
  9 orc knights
  A fire giant zombie (Depths:2)
  2 wolf spiders (Crypt:3)
  A shadow dragon skeleton (Depths:2)
  A frost giant zombie (Crypt:2)
  A faun (shapeshifter) (Vaults:5)
  7 worldbinders (Abyss:3)
  40 ugly things
  6 cyclopes
  3 orc sorcerers
  8 shining eyes
  46 black mambas
  8 will-o-the-wisps
  Maurice (D:8)
  4 elephants
  11 salamanders
  11 vault sentinels
  An oklob plant (D:12)
  24 rust devils (Pan)
  5 dire elephant zombies
  5 spectral centaurs (D:13)
  5 apocalypse crabs
  Joseph (D:7)
  8 ice statues
  23 moths of wrath
  A centaur zombie (Crypt:3)
  19 guardian serpents
  17 naga magi
  9 eyes of devastation
  A gargoyle (D:13)
  146 orange demons
  378 smoke demons
  2 unseen horrors
  86 hellions
  4 torpor snails
  An alligator snapping turtle zombie (Crypt:3)
  3 kobold demonologists
  12 cane toads
  A minotaur zombie (Crypt:2)
  A spectral redback (D:13)
  2 tengu conjurers
  15 efreet
  A sea snake zombie (Hell)
  38 yaktaurs
  131 demonic crawlers
  12 rime drakes
  9 komodo dragons
  3 anaconda simulacra
  A steelbarb worm zombie (Crypt:2)
  11 freezing wraiths
  11 ancient zymes
  30 ice devils
  38 red devils
  108 tormentors (Pan)
  125 hellwings (Pan)
  A purple draconian skeleton (Crypt:2)
  2 hydra zombies (Hell)
  A sea snake skeleton (Hell)
  3 meliai
  2 spriggan skeletons
  7 polar bears
  A guardian mummy (Crypt:3)
  A troll (shapeshifter) (Elf:3)
  6 harpy zombies
  A tarantella (Vaults:3)
  11 wind drakes (Pan)
  A tengu simulacrum (Vaults:1)
  4 trolls
  183 slime creatures
  4 tyrant leeches
  2 ettin zombies
  13 hornets
  29 raiju (Abyss:3)
  Grinder (D:5)
  An ice dragon zombie (Crypt:2)
  A harpy skeleton (Crypt:1)
  288 large abominations
  11 blink frogs
  A human simulacrum (Vaults:1)
  A jumping spider (shapeshifter) (D:14)
  2 flying skulls (Vaults:2)
  A fire dragon zombie (Crypt:2)
  An alligator skeleton (Crypt:1)
  3 centaur simulacra
  7 jumping spiders
  315 ynoxinuls
  3 shadows
  2 air elementals
  5 humans (D:14)
  A culicivora (shapeshifter) (Vaults:5)
  A culicivora (Vaults:2)
  8 spriggans
  6 wyverns
  9 water elementals
  13 wraiths
  Grum (D:9)
  2 ushabtiu (Crypt:3)
  5 vampires
  A wind drake zombie (Crypt:1)
  40 yaks
  Eustachio (D:4)
  8 basilisks
  3 fire elementals
  A dire elephant simulacrum (IceCv)
  4 golden eyes (Slime:2)
  8 fire bats
  24 vampire mosquitoes
  A sea snake simulacrum (Hell)
  156 neqoxecs
  7 redbacks
  233 chaos spawn
  18 small abominations
  2 wargs (Orc:1)
  A death yak simulacrum (IceCv)
  A harpy simulacrum (Crypt:2)
  68 nagas
  5 acid dragons
  14 swamp worms
  16 water moccasins
  2 floating eyes
  A naga skeleton (Pan)
  16 hell hounds
  A meliai simulacrum (D:13)
  9 swamp drakes
  31 orc warriors
  A sky beast (D:7)
  3 ice beasts
  An alligator simulacrum (Hell)
  An elephant zombie (Crypt:1)
  2 black bears (Lair:2)
  A manticore skeleton (Crypt:2)
  A dream sheep zombie (Crypt:1)
  A tengu (shapeshifter) (Vaults:4)
  28 wolves
  16 centaurs
  3 ogres
  A swamp dragon skeleton (Crypt:1)
  2 boggarts (Abyss:3)
  A hog skeleton (Crypt:1)
  3 phantoms
  6 kobold brigands
  18 necrophages
  9 bullfrogs
  2 gnoll sergeants
  2 cane toad simulacra (IceCv)
  7 scorpions
  2 earth elementals (Elf:1)
  7 wyvern skeletons (Crypt:3)
  27 wights
  A raiju zombie (Crypt:2)
  9 killer bees
  An oklob sapling (D:12)
  2 polar bear skeletons (Crypt:2)
  9 electric eels
  A wolf zombie (Crypt:2)
  8 howler monkeys
  4 crimson imps (Pan)
  81 starcursed masses (Abyss:3)
  3 quasits
  4 hounds
  An iron imp (Abyss:3)
  2 gnoll shamans
  13 orc priests
  4 jellies
  Natasha (thrice) (D:4)
  2 iguanas (D:5)
  25 orc wizards
  A polar bear simulacrum (IceCv)
  A hell rat (Lair:2)
  2 wolf simulacra (IceCv)
  A sky beast zombie (Crypt:1)
  9 adders
  16 gnolls
  A howler monkey skeleton (Crypt:1)
  2 river rats (D:5)
  4 white imps
  5 ufetubi
  4 worms
  A dart slug (D:2)
  80 orcs
  14 ball pythons
  12 endoplasms
  2 giant cockroaches
  4 goblins
  7 hobgoblins
  6 jackals
  27 kobolds
  6 quokkas
  5 bats
  3 frilled lizards
  A goblin zombie (Crypt:2)
  4 rats
  A bush (D:12)
  4 fire vortices
  2 lurking horrors (Abyss:3)
  6 starspawn tentacles (Abyss:3)
  2 tentacles (Hell)
  A withered plant (Crypt:3)
7404 creatures vanquished.

Vanquished Creatures (collateral kills)
  An acid blob (Slime:2)
  An Executioner (Pan)
  A fenstrider witch (Swamp:1)
  A balrug (Pan)
  A bunyip (Swamp:1)
  A blizzard demon (Pan)
  2 sun demons (Pan)
  2 goliath frogs (Swamp:1)
  A shadow demon (Pan)
  3 slime creatures (Slime:2)
  A hellwing (Pan)
  4 wraiths (Swamp:1)
  A ynoxinul (Pan)
  3 vampire mosquitoes (Swamp:1)
  2 swamp worms (Swamp:1)
25 creatures vanquished.

Vanquished Creatures (others)
  2 eldritch tentacles (Pan)
  A nagaraja (Snake:3)
  A fenstrider witch (Swamp:2)
  A vault warden (Vaults:5)
  A demonspawn blood saint (Pan)
  A vampire knight (Crypt:1)
  An alligator (Swamp:2)
  A swamp dragon (Swamp:4)
  2 deep elf pyromancers
  A wizard (Pan)
  4 deep elf zephyrmancers (Elf:1)
  A large abomination (Pan)
  A smoke demon (Pan)
  4 bloated husks
  A hornet (Swamp:1)
  5 wind drakes (Pan)
  5 ynoxinuls (Pan)
  9 humans
  A spriggan (Swamp:1)
  7 chaos spawn
  A neqoxec (Pan)
  A swamp worm (Swamp:1)
  A swamp drake (Swamp:4)
  22 ball lightnings (Pan)
  A block of ice (Pan)
  A creeping inferno (Hell)
  4 demonic plants (Pan)
  40 foxfires
  10 fungi
  A lurking horror (Abyss:3)
  120 plants
  14 starspawn tentacles
  13 tentacles (Hell)
  14 withered plants (Crypt:3)
293 creatures vanquished.

Grand Total: 7722 creatures vanquished

Notes
Turn   | Place    | Note
-------+----------+-------------------------------------------
     0 | D:1      | Antichthon the Gargoyle Fighter began the quest for the
                  | Orb.
     0 | D:1      | Reached XP level 1. HP: 14/14 MP: 1/1
    55 | D:1      | Identified a scroll of acquirement
    55 | D:1      | Acquired the +14 crystal plate armour of Insurance {rF+}
   182 | D:1      | Reached XP level 2. HP: 19/19 MP: 2/2
   366 | D:1      | Reached XP level 3. HP: 20/24 MP: 3/3
  1197 | D:2      | Found a faded altar of an unknown god.
  1288 | D:2      | Reached XP level 4. HP: 27/29 MP: 4/4
  1739 | D:3      | Acquired the +5 kite shield of Lommem {rPois rC+ Stlth+}
  1904 | D:3      | Identified the +5 mace "Esatzef" {vorpal, rElec Int+4
                  | Stlth+}
  2087 | D:3      | Found Imaerin's Magic Scroll Shop.
  2095 | D:3      | Bought a scroll of identify for 28 gold pieces
  2095 | D:3      | Bought a scroll of identify for 28 gold pieces
  2095 | D:3      | Bought a scroll of teleportation for 42 gold pieces
  2766 | D:3      | Found a shimmering altar of Xom.
  2978 | D:4      | Found Gootach's Antique Weapon Shoppe.
  3019 | D:4      | Found Woibuwnylu's Magic Scroll Shop.
  3023 | D:4      | Noticed Natasha
  3023 | D:4      | Noticed a scorpion
  3038 | D:4      | Killed a scorpion
  3039 | D:4      | Reached skill level 1 in Invocations
  3039 | D:4      | Reached XP level 5. HP: 33/33 MP: 5/5
  3044 | D:4      | Killed Natasha
  3053 | D:4      | Bought a scroll of identify for 26 gold pieces
  3053 | D:4      | Bought a scroll of noise for 13 gold pieces
  3065 | D:4      | Noticed a two-headed ogre
  3078 | D:4      | Killed a two-headed ogre
  3079 | D:4      | Reached skill level 5 in Maces & Flails
  3079 | D:4      | Reached skill level 1 in Dodging
  3079 | D:4      | Reached XP level 6. HP: 19/39 MP: 5/7
  3079 | D:4      | Reached XP level 7. HP: 21/44 MP: 5/8
  3227 | D:4      | Noticed Natasha
  3229 | D:4      | Noticed Eustachio
  3231 | D:4      | Killed Natasha
  3232 | D:4      | Reached skill level 5 in Armour
  3241 | D:4      | Killed Eustachio
  3242 | D:4      | Reached XP level 8. HP: 48/48 MP: 9/9
  3420 | D:4      | Noticed Natasha
  3425 | D:4      | Killed Natasha
  3691 | D:4      | Found Orul's Assorted Antiques.
  3717 | D:4      | Bought a lumpy pink potion for 30 gold pieces
  3810 | D:4      | Found Qitwi's General Store.
  3815 | D:4      | Bought a scroll of identify for 22 gold pieces
  3966 | D:4      | Reached skill level 5 in Shields
  4164 | D:4      | Found a sparkling altar of Nemelex Xobeh.
  4383 | D:5      | Entered Level 5 of the Dungeon
  4383 | D:5      | Noticed Grinder
  4407 | D:5      | Killed Grinder
  4408 | D:5      | Reached skill level 5 in Fighting
  4505 | D:5      | Reached XP level 9. HP: 54/54 MP: 11/11
  4582 | D:5      | Found a glowing drain.
  4598 | Sewer    | Entered a sewer
  4959 | D:5      | Found a hazy altar of Hepliaklqana.
  5007 | D:5      | Found a staircase to the Ecumenical Temple.
  5029 | Temple   | Entered the Ecumenical Temple
  5164 | D:5      | Gained mutation: Your body sometimes deteriorates upon
                  | taking damage. [potion of mutation]
  5164 | D:5      | Gained mutation: You are somewhat resistant to further
                  | mutation. [potion of mutation]
  5165 | D:5      | Lost mutation: You are somewhat resistant to further
                  | mutation. [potion of mutation]
  5165 | D:5      | Lost mutation: Your body sometimes deteriorates upon taking
                  | damage. [potion of mutation]
  5165 | D:5      | Gained mutation: You have a pair of small horns on your
                  | head. [potion of mutation]
  5165 | D:5      | Gained mutation: You are robust. (+10% HP) [potion of
                  | mutation]
  5166 | D:5      | Lost mutation: You are robust. (+10% HP) [potion of
                  | mutation]
  5166 | D:5      | Lost mutation: You have a pair of small horns on your head.
                  | [potion of mutation]
  5166 | D:5      | Gained mutation: Your mind is acute. (Int +2) [potion of
                  | mutation]
  5166 | D:5      | Gained mutation: Your magical capacity is low. (-10% MP)
                  | [potion of mutation]
  5166 | D:5      | Gained mutation: You are partially covered in iridescent
                  | scales. (AC +2) [potion of mutation]
  5584 | D:6      | You fall into a shaft and drop 2 floors!
  5758 | D:8      | Noticed Gastronok
  5772 | D:8      | Found a blossoming altar of Fedhas.
  5784 | D:8      | Identified the +4 arbalest of the Pariah {venom, Str+2}
  5800 | D:8      | Noticed a two-headed ogre
  6099 | D:7      | Found an ancient bone altar of Kikubaaqudgha.
  6107 | D:7      | Reached XP level 10. HP: 60/60 MP: 11/11
  6114 | D:7      | Noticed Joseph
  6127 | D:7      | Killed Joseph
  6690 | D:6      | Noticed a two-headed ogre
  6700 | D:6      | Killed a two-headed ogre
  7311 | D:7      | Found a broken altar of Ashenzari.
  7379 | D:7      | Reached skill level 5 in Invocations
  7494 | D:8      | Noticed Maurice
  7507 | D:8      | Killed Maurice
  7785 | D:8      | Killed a two-headed ogre
  7786 | D:8      | Reached skill level 10 in Maces & Flails
  7786 | D:8      | Reached XP level 11. HP: 40/66 MP: 13/13
  7988 | D:8      | Found a stormy altar of Qazlal.
  8075 | D:8      | Killed Gastronok
  8369 | D:9      | Found a burning altar of Makhleb.
  8416 | D:9      | Noticed Grum
  8971 | D:9      | Killed Grum
  8997 | D:9      | Noticed Harold
  9019 | D:9      | Killed Harold
  9020 | D:9      | Reached skill level 10 in Shields
  9255 | D:9      | Found a glowing golden altar of the Shining One.
  9296 | D:9      | Found a white marble altar of Elyvilon.
  9315 | D:9      | Became a worshipper of the Shining One
  9469 | D:9      | Found Joerecke's Distillery.
  9477 | D:9      | Bought a potion of lignification for 45 gold pieces
  9477 | D:9      | Bought a potion of degeneration for 15 gold pieces
  9687 | D:4      | Bought a scroll of amnesia for 38 gold pieces
  9739 | D:4      | Bought a scroll of magic mapping for 45 gold pieces
  9739 | D:4      | Bought a scroll of immolation for 45 gold pieces
 10078 | D:10     | Entered Level 10 of the Dungeon
 10289 | D:10     | Found Qumay's Mayhem Merchandise.
 10317 | D:10     | Found a runed translucent door.
 10320 | D:10     | Noticed a necromancer
 10321 | D:10     | Noticed a lich
 10323 | D:10     | Found a runed translucent door.
 10324 | D:10     | Noticed a deep troll
 10324 | D:10     | Noticed SirDiesAlot's ghost (journeyman OgGl)
 10326 | D:10     | Noticed a cyclops
 10360 | D:10     | Noticed Erolcha
 10406 | D:10     | Killed Erolcha
 10406 | D:10     | Reached * piety under the Shining One
 10464 | D:10     | Noticed an orb spider
 10483 | D:10     | Killed an orb spider
 10642 | D:10     | Reached XP level 12. HP: 72/72 MP: 15/15
 10784 | D:10     | Identified the ring of the Zebra {rCorr Str+6}
 10954 | D:11     | Noticed a four-headed hydra
 10960 | D:11     | Killed a four-headed hydra
 10983 | D:11     | Found a frozen archway.
 10991 | IceCv    | Entered an ice cave
 11088 | IceCv    | Identified the +3 ring mail of Kuamm {rCorr Stlth+}
 11568 | IceCv    | Reached ** piety under the Shining One
 11744 | IceCv    | Reached skill level 5 in Dodging
 11844 | D:11     | Found Buhoez's Jewellery Boutique.
 11974 | D:11     | Noticed a two-headed ogre
 11983 | D:11     | Killed a two-headed ogre
 12112 | D:11     | Found a staircase to the Lair.
 12422 | D:11     | Found an ornate altar of the Wu Jian Council.
 12754 | D:11     | Reached skill level 1 in Throwing
 13244 | D:12     | Found a staircase to the Orcish Mines.
 13771 | D:12     | Noticed a death knight
 13894 | D:12     | Acquired 1002 gold pieces
 14307 | Lair:1   | Entered Level 1 of the Lair of Beasts
 14642 | D:11     | Acquired the +5 eveningstar of the Elven Halls {vorpal,
                  | rN++}
 14720 | Lair:1   | Reached XP level 13. HP: 78/78 MP: 16/16
 15104 | Lair:1   | Noticed a fire dragon
 15134 | Lair:1   | Killed a fire dragon
 15995 | Lair:2   | Reached *** piety under the Shining One
 16553 | Lair:3   | Found a staircase to the Snake Pit.
 17401 | Lair:3   | Gained mutation: Your large and strong wings let you fly.
                  | [Gargoyle growth]
 17401 | Lair:3   | Reached XP level 14. HP: 79/86 MP: 18/18
 17891 | Lair:4   | Found a staircase to the Swamp.
 18013 | Lair:4   | Found the +4 skin of Zhor {*Englaciate rC+++ SInv}
 18544 | Lair:5   | Reached skill level 10 in Armour
 18682 | Lair:5   | Found a viscous altar of Jiyva.
 18683 | Lair:5   | Found a staircase to the Slime Pits.
 18849 | Lair:5   | Identified the +7 morningstar of Exquisite Torment {freeze,
                  | rN+ Will+ Str-3 Dex+8}
 18922 | Lair:5   | Reached **** piety under the Shining One
 19177 | Lair:6   | Entered Level 6 of the Lair of Beasts
 19510 | Lair:6   | Reached skill level 10 in Fighting
 20306 | Lair:6   | Found a burning altar of Makhleb.
 20325 | Lair:6   | Reached ***** piety under the Shining One
 20343 | Lair:6   | Reached skill level 15 in Maces & Flails
 20355 | Lair:6   | Reached XP level 15. HP: 92/92 MP: 19/19
 20361 | Lair:6   | Found a gateway to Hell.
 20368 | Lair:6   | Identified the ring "Piwole" {Str+6 Dex+3}
 20917 | Orc:1    | Entered Level 1 of the Orcish Mines
 20917 | Orc:1    | Noticed Nergalle
 20929 | D:12     | Killed Nergalle
 20935 | Orc:1    | Found Jomoub's Armour Boutique.
 20963 | Orc:1    | Found a transporter.
 20969 | Orc:1    | Found a transporter.
 20973 | Orc:1    | Noticed Snorg
 20980 | Orc:1    | Killed Snorg
 20998 | Orc:1    | Noticed Lemondrips's ghost (journeyman SpHu)
 20999 | Orc:1    | Found a bloodstained altar of Trog.
 21042 | Orc:1    | Found Hean's Weapon Shop.
 21045 | Orc:1    | Found Laimur's Antique Weapon Shop.
 21172 | Orc:1    | Found Wusoh's Weapon Shop.
 21292 | Orc:2    | Entered Level 2 of the Orcish Mines
 21438 | Orc:2    | Noticed an orc warlord
 21581 | Orc:1    | Reached skill level 5 in Throwing
 21645 | Orc:1    | Killed an orc warlord
 22255 | Orc:2    | Found a staircase to the Elven Halls.
 22427 | Orc:2    | Found Piemux's Book Boutique.
 22530 | Orc:2    | Noticed Donald
 22773 | Orc:2    | Killed Donald
 22783 | Orc:2    | Found Obbag's General Store.
 22790 | Orc:2    | Bought a scroll of enchant armour for 97 gold pieces
 22799 | Orc:2    | Found Wolaluda's Antique Weapon Boutique.
 22814 | Orc:2    | Found Ownyhos's Antique Armour Boutique.
 23344 | D:13     | Found a runed translucent gate.
 23344 | D:13     | Found a runed translucent gate.
 23344 | D:13     | Found a runed translucent gate.
 23348 | D:13     | Noticed Zaevetera's ghost (journeyman TeAE)
 23723 | D:13     | Noticed Urug
 23725 | D:13     | Found a hazy altar of Hepliaklqana.
 23731 | D:13     | Killed Urug
 24638 | D:13     | Reached ****** piety under the Shining One
 24888 | D:14     | Noticed Taheskul's ghost (journeyman DDNe)
 24890 | D:14     | Found a runed translucent gate.
 24890 | D:14     | Found a runed translucent gate.
 24890 | D:14     | Found a runed translucent gate.
 25139 | D:11     | Bought an amulet of reflection for 420 gold pieces
 25287 | D:4      | Bought a scroll of enchant armour for 97 gold pieces
 25540 | Swamp:1  | Entered Level 1 of the Swamp
 25636 | Swamp:2  | Noticed a fenstrider witch
 25637 | Swamp:2  | Noticed Qaptet's ghost (adept MiBe)
 25650 | Swamp:2  | Noticed a fenstrider witch
 25651 | Swamp:2  | Noticed a ghoul
 25680 | Swamp:2  | Noticed a ghoul
 25685 | Swamp:2  | Noticed a ghoul
 25685 | Swamp:2  | Noticed a ghoul
 25687 | Swamp:2  | Noticed a ghoul
 25691 | Swamp:1  | Noticed Josephine
 25693 | Swamp:1  | Noticed a fenstrider witch
 25696 | Swamp:1  | Paralysed by a fenstrider witch for 7 turns
 25710 | Swamp:1  | Killed a fenstrider witch
 25711 | Swamp:1  | Reached skill level 15 in Shields
 25715 | Swamp:1  | Killed Josephine
 25722 | Swamp:1  | Reached XP level 16. HP: 74/100 MP: 20/20
 26022 | Swamp:1  | Noticed Frances
 26280 | Lair:4   | Killed Frances
 26958 | Swamp:2  | Identified the ring of Fohemeip {rPois rCorr Dex+4}
 27381 | Swamp:2  | Found a transporter.
 27396 | Swamp:2  | Found a transporter.
 27665 | Swamp:2  | Reached skill level 10 in Invocations
 27979 | Swamp:3  | Noticed Louise
 28386 | Swamp:2  | Killed Louise
 29245 | Swamp:4  | Entered Level 4 of the Swamp
 29309 | Swamp:4  | Found a runed translucent door.
 29310 | Swamp:4  | Found a shimmering altar of Xom.
 29310 | Swamp:4  | Noticed MeatMancer's ghost (adept MiBe)
 29602 | Swamp:4  | Noticed a thorn hunter
 29617 | Swamp:4  | Killed a thorn hunter
 29637 | Swamp:4  | Reached XP level 17. HP: 94/106 MP: 22/22
 30026 | Swamp:4  | Noticed the 27-headed Lernaean hydra
 30037 | Swamp:4  | Killed the 27-headed Lernaean hydra
 30604 | Swamp:4  | Got a decaying rune of Zot
 30636 | Swamp:4  | Identified the +3 hand crossbow of Unamuwk {penet, rCorr
                  | Dex+2}
 31056 | Snake:1  | Entered Level 1 of the Snake Pit
 32831 | Snake:1  | Found Tuetwyll's Jewellery Shoppe.
 32831 | Snake:1  | Found Ahixto's Book Shop.
 32833 | Snake:1  | Found Mudez's Book Shop.
 32961 | Snake:1  | Noticed Kirke
 32971 | Snake:1  | Killed Kirke
 33063 | Snake:1  | Reached XP level 18. HP: 114/114 MP: 23/23
 33177 | Snake:1  | Found Bimyog's Weapon Emporium.
 33629 | Snake:2  | Noticed Vashnia
 33657 | Snake:2  | Killed Vashnia
 34177 | Snake:2  | Noticed Aizul
 34188 | Snake:2  | Killed Aizul
 34608 | Snake:2  | Noticed Agnes
 34621 | Snake:2  | Killed Agnes
 36213 | Snake:3  | Identified the +3 ring mail "Xarghae" {Harm rF- Str+5
                  | Dex+9}
 36683 | Snake:4  | Entered Level 4 of the Snake Pit
 36777 | Snake:3  | Reached XP level 19. HP: 64/121 MP: 3/24
 38758 | D:11     | Bought an amulet of the acrobat for 420 gold pieces
 39036 | Snake:4  | Got a serpentine rune of Zot
 39050 | Snake:4  | Identified the +5 trident of Exchange {vorpal, rN+}
 39579 | D:14     | Found a gate to the Vaults.
 39646 | D:15     | Entered Level 15 of the Dungeon
 40034 | D:15     | Found a staircase to the Depths.
 40152 | D:15     | Acquired the +4 eveningstar "Kitank" {flame, *Corrode rN+
                  | Int+4}
 40715 | D:15     | Found a blossoming altar of Fedhas.
 40795 | Vaults:1 | Entered Level 1 of the Vaults
 41189 | Vaults:1 | Reached XP level 20. HP: 103/128 MP: 26/26
 42595 | Vaults:2 | Reached skill level 15 in Fighting
 42854 | Vaults:2 | Found a staircase to the Crypt.
 44298 | Vaults:3 | Paralysed by a great orb of eyes for 7 turns
 44825 | Vaults:3 | Paralysed by a sphinx for 2 turns
 45063 | Vaults:3 | Reached skill level 10 in Dodging
 45574 | Vaults:3 | Reached XP level 21. HP: 103/135 MP: 27/27
 46589 | Vaults:4 | Identified the +7 hand crossbow of Fragile Peace {venom,
                  | MP-9 Dex+4 SInv}
 47363 | Vaults:4 | Reached skill level 10 in Throwing
 48128 | Elf:1    | Entered Level 1 of the Elven Halls
 49372 | Elf:1    | Noticed Jorgrun
 49382 | Elf:1    | Killed Jorgrun
 49852 | Elf:2    | Reached XP level 22. HP: 143/143 MP: 28/28
 50189 | Elf:2    | Identified the +11 rapier of Arbitration {protect, rElec
                  | rPois rN+}
 50428 | Elf:2    | Found a huge runed translucent gate.
 50428 | Elf:2    | Found a huge runed translucent gate.
 50429 | Elf:2    | Found a huge runed translucent gate.
 50430 | Elf:2    | Found a huge runed translucent gate.
 50459 | Elf:2    | Found a huge runed translucent gate.
 51017 | Elf:3    | Entered Level 3 of the Elven Halls
 51060 | Elf:3    | Identified the +7 morningstar "Nidgh" {vorpal, rC+ Dex+3}
 51802 | Elf:3    | Identified the ring of Feupryow {rPois rN+ EV+4 Stlth+}
 51994 | Elf:3    | Identified the +4 rapier of Uczycis {vorpal, rPois Dex+3}
 52057 | Elf:3    | Identified the amulet "Waicauk" {RegenMP Str+3 Int+2 Dex+2}
 53000 | Crypt:1  | Entered Level 1 of the Crypt
 53334 | D:11     | Bought the ring "Routhub" {rPois rC+ EV+4 Dex+2} for 817
                  | gold pieces
 53902 | Crypt:1  | Reached skill level 15 in Armour
 54044 | Crypt:1  | Noticed Sojobo
 54074 | Crypt:1  | Reached XP level 23. HP: 150/150 MP: 30/30
 54096 | Crypt:1  | Paralysed by an air elemental for 1 turns
 54104 | Crypt:1  | Paralysed by an air elemental for 1 turns
 54106 | Crypt:1  | Killed Sojobo
 55667 | Crypt:3  | Entered Level 3 of the Crypt
 56297 | Crypt:3  | Found a staircase to the Tomb.
 56509 | Crypt:3  | Found a basalt altar of Yredelemnul.
 57104 | Crypt:3  | Acquired 728 gold pieces
 57388 | Crypt:3  | Identified a +5 sacred scourge of holy wrath (a +3 demon
                  | whip of flaming blessed by the Shining One)
 57388 | Crypt:3  | Received a gift from the Shining One
 57392 | Crypt:3  | Identified the +0 plate armour of Classification {Fly rC+
                  | Str+4 Int+2}
 57780 | Crypt:3  | Identified the +8 trident "Bacs" {holy, rN++ Will+}
 57806 | Crypt:3  | Found the +10 zealot's sword {holy, *Rage rN+ EV+3}
 58173 | D:10     | Killed SirDiesAlot's ghost
 58360 | D:12     | Got Verph's Papyrus of Sulphur
 58466 | D:13     | Killed Zaevetera's ghost
 58623 | D:14     | Reached XP level 24. HP: 158/158 MP: 30/30
 58637 | D:14     | Killed Taheskul's ghost
 59013 | Swamp:2  | Killed Qaptet's ghost
 59354 | Swamp:4  | Killed MeatMancer's ghost
 59357 | Swamp:4  | Got Oklor's Volume of Creation and Enchantment
 59622 | Orc:1    | Killed Lemondrips's ghost
 59760 | Depths:1 | Entered Level 1 of the Depths
 60368 | Depths:1 | Found a one-way gateway to a ziggurat.
 60527 | Depths:1 | Found Deolyhaefo's Antique Armour Boutique.
 60533 | Depths:1 | Bought a scale mail for 172 gold pieces
 60534 | Depths:1 | Bought a glowing scarf for 344 gold pieces
 60730 | Depths:1 | Noticed Nikola
 60744 | Depths:1 | Killed Nikola
 60909 | Orc:2    | Bought a runed cloak for 225 gold pieces
 61518 | Depths:2 | Found Edesog's Jewellery Emporium.
 61862 | Depths:2 | Noticed Jory
 61887 | Depths:2 | Killed Jory
 61956 | Depths:2 | Found the +5 glaive of the Guard {elec, spectral, AC+5}
 61959 | Depths:2 | Identified the +7 great sword of Fuvogg {vorpal, Drain
                  | Will+ Int+4 Dex+7}
 62398 | Depths:2 | Found a one-way gate leading to the halls of Pandemonium.
 62408 | Depths:2 | Found a one-way gate to the infinite horrors of the Abyss.
 63277 | Depths:2 | Reached skill level 15 in Invocations
 63722 | Depths:3 | Reached XP level 25. HP: 165/165 MP: 30/30
 65185 | Depths:4 | Entered Level 4 of the Depths
 65194 | Depths:4 | Found a flickering gateway to a bazaar.
 65204 | Bazaar   | Entered a bazaar
 65204 | Bazaar   | Found Wetuad's Book Boutique.
 65204 | Bazaar   | Found Jafiph's Jewellery Shoppe.
 65204 | Bazaar   | Found Luanleg's Jewellery Shop.
 65206 | Bazaar   | Found Vufoh's Weapon Emporium.
 65256 | Bazaar   | Bought the amulet of Ziel {Faith *Corrode rF+ Will+ Str+5}
                  | for 774 gold pieces
 65561 | Depths:4 | Noticed Wetizan's ghost (journeyman MiBe)
 65623 | Depths:4 | Noticed Usuebad's ghost (adept DgCj)
 65667 | Depths:4 | Found a gate to the Realm of Zot.
 65704 | Depths:4 | Found a transporter.
 65704 | Depths:4 | Found a transporter.
 66742 | Slime:1  | Entered Level 1 of the Pits of Slime
 67389 | Slime:2  | Gained mutation: You are agile. (Dex +2) [a shining eye]
 67398 | Slime:2  | Gained mutation: You sometimes lose the ability to read
                  | scrolls when taking damage. [a shining eye]
 67404 | Slime:2  | Lost mutation: Your magical capacity is low. (-10% MP)
                  | [potion of mutation]
 67404 | Slime:2  | Lost mutation: You are agile. (Dex +2) [potion of mutation]
 67404 | Slime:2  | Gained mutation: Your muscles are strong. (Str +2) [potion
                  | of mutation]
 67405 | Slime:2  | Lost mutation: You are partially covered in iridescent
                  | scales. (AC +2) [potion of mutation]
 67405 | Slime:2  | Lost mutation: Your mind is acute. (Int +2) [potion of
                  | mutation]
 67405 | Slime:2  | Lost mutation: Your muscles are strong. (Str +2) [potion of
                  | mutation]
 67405 | Slime:2  | Gained mutation: You are agile. (Dex +2) [potion of
                  | mutation]
 67405 | Slime:2  | Gained mutation: You are covered in fur. (AC +1) [potion of
                  | mutation]
 67406 | Slime:2  | Lost mutation: You sometimes lose the ability to read
                  | scrolls when taking damage. [potion of mutation]
 67406 | Slime:2  | Lost mutation: You are agile. (Dex +2) [potion of mutation]
 67406 | Slime:2  | Gained mutation: Your body sometimes deteriorates upon
                  | taking damage. [potion of mutation]
 67406 | Slime:2  | Gained mutation: You have a somewhat thin skeletal
                  | structure. (Dex +2, Stealth+) [potion of mutation]
 67407 | Slime:2  | Lost mutation: You have a somewhat thin skeletal structure.
                  | (Dex +2, Stealth+) [potion of mutation]
 67407 | Slime:2  | Lost mutation: You are covered in fur. (AC +1) [potion of
                  | mutation]
 67407 | Slime:2  | Gained mutation: Your spells are a little harder to cast,
                  | but a little more powerful. [potion of mutation]
 67407 | Slime:2  | Gained mutation: You have a pair of small horns on your
                  | head. [potion of mutation]
 67408 | Slime:2  | Lost mutation: Your body sometimes deteriorates upon taking
                  | damage. [potion of mutation]
 67408 | Slime:2  | Lost mutation: Your spells are a little harder to cast, but
                  | a little more powerful. [potion of mutation]
 67408 | Slime:2  | Gained mutation: You are robust. (+10% HP) [potion of
                  | mutation]
 67409 | Slime:2  | Lost mutation: You are robust. (+10% HP) [potion of
                  | mutation]
 67409 | Slime:2  | Lost mutation: You have a pair of small horns on your head.
                  | [potion of mutation]
 67409 | Slime:2  | Gained mutation: Your body sometimes deteriorates upon
                  | taking damage. [potion of mutation]
 67409 | Slime:2  | Gained mutation: You have a pair of small horns on your
                  | head. [potion of mutation]
 67410 | Slime:2  | Lost mutation: Your body sometimes deteriorates upon taking
                  | damage. [potion of mutation]
 67410 | Slime:2  | Lost mutation: You have a pair of small horns on your head.
                  | [potion of mutation]
 67410 | Slime:2  | Gained mutation: You have a beak for a mouth. [potion of
                  | mutation]
 67410 | Slime:2  | Gained mutation: You have a pair of small horns on your
                  | head. [potion of mutation]
 67411 | Slime:2  | Lost mutation: You have a pair of small horns on your head.
                  | [potion of mutation]
 67411 | Slime:2  | Lost mutation: You have a beak for a mouth. [potion of
                  | mutation]
 67411 | Slime:2  | Gained mutation: You tend to lose your temper in combat.
                  | [potion of mutation]
 67411 | Slime:2  | Gained mutation: You are partially covered in iridescent
                  | scales. (AC +2) [potion of mutation]
 67411 | Slime:2  | Gained mutation: You occasionally shout uncontrollably at
                  | your foes. [potion of mutation]
 67411 | Slime:2  | Gained mutation: Your flesh is cold resistant. (rC+)
                  | [potion of mutation]
 67986 | Slime:2  | Found a viscous altar of Jiyva.
 68479 | Slime:3  | Gained mutation: You do not regenerate when monsters are
                  | visible. [a shining eye]
 68612 | Slime:3  | Paralysed by a floating eye for 4 turns
 68698 | Slime:3  | Gained mutation: You are frail. (-10% HP) [a shining eye]
 70386 | Slime:5  | Entered Level 5 of the Pits of Slime
 70905 | Slime:5  | Noticed the Royal Jelly
 70991 | Slime:5  | Reached XP level 26. HP: 117/156 MP: 34/34
 71123 | Slime:5  | Found a viscous altar of Jiyva.
 71134 | Slime:5  | Found the brooch of Shielding {Spirit SH+8}
 71227 | Slime:5  | Gained mutation: You are weak. (Str -2) [a shining eye]
 71230 | Slime:5  | Gained mutation: You frequently scream uncontrollably at
                  | your foes. [a shining eye]
 71232 | Slime:5  | Gained mutation: You are very weak. (Str -4) [a shining
                  | eye]
 71239 | Slime:5  | Lost mutation: You are very weak. (Str -4) [potion of
                  | mutation]
 71239 | Slime:5  | Lost mutation: You frequently scream uncontrollably at your
                  | foes. [potion of mutation]
 71239 | Slime:5  | Lost mutation: Your flesh is cold resistant. (rC+) [potion
                  | of mutation]
 71239 | Slime:5  | Gained mutation: You are dopey. (Int -2) [potion of
                  | mutation]
 71239 | Slime:5  | Gained mutation: You are somewhat resistant to further
                  | mutation. [potion of mutation]
 71240 | Slime:5  | Lost mutation: You occasionally shout uncontrollably at
                  | your foes. [potion of mutation]
 71240 | Slime:5  | Lost mutation: You do not regenerate when monsters are
                  | visible. [potion of mutation]
 71241 | Slime:5  | Lost mutation: You tend to lose your temper in combat.
                  | [potion of mutation]
 71241 | Slime:5  | Lost mutation: You are dopey. (Int -2) [potion of mutation]
 71241 | Slime:5  | Gained mutation: You expend magic power (3 MP) to
                  | strengthen your wands. [potion of mutation]
 71424 | Slime:5  | Killed the Royal Jelly
 71653 | Slime:5  | Identified the +5 halberd of Iwomp {vorpal, rC+ rN++}
 71684 | Slime:5  | Got a slimy rune of Zot
 71706 | Slime:5  | Identified the +8 scale mail of Zeasucug {Rampage rF- Str-5
                  | Dex+6}
 71710 | Slime:5  | Identified the ring of Royalty {Wiz rF+ rN+ Int+3}
 72403 | Vaults:5 | Entered Level 5 of the Vaults
 72744 | Vaults:4 | Reached skill level 27 in Shields
 72904 | Vaults:5 | Identified the ring "Joudeuti" {MP+9 EV+4}
 73635 | Vaults:5 | Identified the +8 war axe "Joptu" {speed, Will+}
 73859 | Vaults:5 | Identified the ring "Ywok" {rPois rC+ Will- Dex+4 Slay+2}
 74029 | Vaults:5 | Identified the +8 plate armour of Daisies {*Slow +Blink rF+
                  | Int+4}
 74032 | Vaults:5 | Got a silver rune of Zot
 74046 | Vaults:5 | Identified the +7 mace of Chance {drain, rC+ Will+ Str+3
                  | Stlth-}
 74243 | Vaults:5 | Identified the +7 rapier of Responsibility {holy, +Blink
                  | Str+4}
 74288 | Vaults:5 | Identified the +1 robe "Fitaasil" {rPois Int+2 Dex-2}
 74368 | Vaults:5 | Identified the +1 leather armour "Laec" {Harm rC- Str+7}
 75644 | Zot:1    | Entered Level 1 of the Realm of Zot
 76363 | Zot:1    | Reached XP level 27. HP: 156/163 MP: 33/35
 77295 | Zot:2    | Identified the +7 quarterstaff "Reffupedd" {holy, rF+ Int+3
                  | Dex-3}
 79575 | Zot:4    | Noticed Parghit
 79640 | Zot:3    | Killed Parghit
 81372 | Zot:5    | Entered Level 5 of the Realm of Zot
 81625 | Zot:5    | Found Xarph's CLEARANCE SALE!.
 81638 | Zot:5    | Bought a potion of might for 16 gold pieces
 81638 | Zot:5    | Bought a potion of might for 16 gold pieces
 81638 | Zot:5    | Bought a scroll of magic mapping for 14 gold pieces
 82328 | Zot:5    | Identified the +3 shortbow of Indomitability {flame, rElec
                  | rN+ SInv}
 82642 | Depths:3 | Voluntarily entered the Abyss.
 82648 | Abyss:1  | Found a corrupted altar of Lugonu.
 82786 | Abyss:1  | Found a snail-covered altar of Cheibriados.
 82920 | Abyss:1  | Found a snail-covered altar of Cheibriados.
 83795 | Abyss:3  | Paralysed by accursed screaming for 1 turns
 84041 | Abyss:3  | Found a shimmering blue altar of Sif Muna.
 84104 | Abyss:3  | Got Sif Muna's Tome of Creation
 84354 | Abyss:3  | Paralysed by accursed screaming for 1 turns
 84869 | Abyss:3  | Paralysed by accursed screaming for 1 turns
 85150 | Abyss:3  | Paralysed by accursed screaming for 1 turns
 85164 | Abyss:3  | Paralysed by accursed screaming for 1 turns
 85194 | Abyss:3  | Paralysed by accursed screaming for 2 turns
 85200 | Depths:3 | Escaped the Abyss
 85500 | Hell     | Entered the Vestibule of Hell
 85500 | Hell     | Noticed Geryon
 85609 | Hell     | Killed Geryon
 85642 | Hell     | Found a gateway to the freezing wastes of Cocytus.
 85844 | Hell     | Found a gateway to the Iron City of Dis.
 85976 | Hell     | Found a gateway to the ashen valley of Gehenna.
 86094 | Hell     | Found a gateway to the decaying netherworld of Tartarus.
 86330 | Depths:4 | Killed Usuebad's ghost
 86352 | Depths:4 | Killed Wetizan's ghost
 86455 | Pan      | Entered Pandemonium
 86513 | Pan      | Gained mutation: Your magical capacity is low. (-10% MP) [a
                  | neqoxec]
 86540 | Pan      | Noticed Diri the pandemonium lord
 86779 | Pan      | Killed Diri the pandemonium lord
 87791 | Pan      | Found an exit through the horrors of the Abyss.
 87922 | Pan      | Found a basalt altar of Yredelemnul.
 88199 | Pan      | Identified the +0 chain mail "Tigubun" {Int-5 Dex+6}
 88440 | Pan      | Noticed Dule the pandemonium lord
 88466 | Pan      | Killed Dule the pandemonium lord
 89518 | Pan      | Noticed Zenloe the pandemonium lord
 89535 | Pan      | Killed Zenloe the pandemonium lord
 89947 | Pan      | Got a demonic rune of Zot
 89986 | Pan      | Identified the +8 hand crossbow of Ciolli {vorpal, Fly
                  | rPois rC+ SInv}
 90558 | Pan      | Entered the realm of Mnoleg.
 90609 | Pan      | Identified the +9 scale mail of Catatonia {rN+ Stlth+}
 90791 | Pan      | Paralysed by a floating eye for 3 turns
 91016 | Pan      | Noticed Mnoleg
 91036 | Pan      | Killed Mnoleg
 91232 | Pan      | Got a glowing rune of Zot
 91609 | Pan      | Lost mutation: You are somewhat resistant to further
                  | mutation. [a cacodemon]
 91610 | Pan      | Gained mutation: You sometimes lose the ability to read
                  | scrolls when taking damage. [a cacodemon]
 91617 | Pan      | Lost mutation: You are weak. (Str -2) [potion of mutation]
 91617 | Pan      | Lost mutation: Your magical capacity is low. (-10% MP)
                  | [potion of mutation]
 91617 | Pan      | Gained mutation: You tend to lose your temper in combat.
                  | [potion of mutation]
 91617 | Pan      | Lost mutation: You tend to lose your temper in combat.
                  | [potion of mutation]
 91618 | Pan      | Lost mutation: You sometimes lose the ability to read
                  | scrolls when taking damage. [potion of mutation]
 91618 | Pan      | Lost mutation: You expend magic power (3 MP) to strengthen
                  | your wands. [potion of mutation]
 91618 | Pan      | Gained mutation: You are very frail. (-20% HP) [potion of
                  | mutation]
 91618 | Pan      | Gained mutation: You have hidden genetic potential. [potion
                  | of mutation]
 91697 | Pan      | Gained mutation: You occasionally shout uncontrollably at
                  | your foes. [a neqoxec]
 92313 | Pan      | Noticed Fiunis the pandemonium lord
 92319 | Pan      | Gained mutation: You sometimes lose the ability to read
                  | scrolls when taking damage. [a cacodemon]
 92330 | Pan      | Gained mutation: You are dopey. (Int -2) [a cacodemon]
 92342 | Pan      | Killed Fiunis the pandemonium lord
 92360 | Pan      | Lost mutation: You occasionally shout uncontrollably at
                  | your foes. [potion of mutation]
 92360 | Pan      | Lost mutation: You are partially covered in iridescent
                  | scales. (AC +2) [potion of mutation]
 92360 | Pan      | Lost mutation: You are dopey. (Int -2) [potion of mutation]
 92360 | Pan      | Gained mutation: You have sharp toenails. [potion of
                  | mutation]
 92360 | Pan      | Gained mutation: Your flesh is cold resistant. (rC+)
                  | [potion of mutation]
 92383 | Pan      | Lost mutation: You have sharp toenails. [potion of
                  | mutation]
 92383 | Pan      | Lost mutation: You sometimes lose the ability to read
                  | scrolls when taking damage. [potion of mutation]
 92383 | Pan      | Lost mutation: You have hidden genetic potential. [potion
                  | of mutation]
 92383 | Pan      | Gained mutation: Your body sometimes deteriorates upon
                  | taking damage. [potion of mutation]
 92383 | Pan      | Gained mutation: You are extremely frail. (-30% HP) [potion
                  | of mutation]
 92383 | Pan      | Gained mutation: You occasionally shout uncontrollably at
                  | your foes. [potion of mutation]
 92383 | Pan      | Gained mutation: You expend magic power (3 MP) to
                  | strengthen your wands. [potion of mutation]
 92391 | Pan      | Lost mutation: You expend magic power (3 MP) to strengthen
                  | your wands. [potion of mutation]
 92391 | Pan      | Lost mutation: Your body sometimes deteriorates upon taking
                  | damage. [potion of mutation]
 92391 | Pan      | Gained mutation: You tend to lose your temper in combat.
                  | [potion of mutation]
 92392 | Pan      | Lost mutation: You occasionally shout uncontrollably at
                  | your foes. [potion of mutation]
 92392 | Pan      | Lost mutation: You tend to lose your temper in combat.
                  | [potion of mutation]
 92392 | Pan      | Gained mutation: You have an increased reservoir of magic.
                  | (+10% MP) [potion of mutation]
 93148 | Pan      | Gained mutation: Potions are less effective at restoring
                  | your health. [a cacodemon]
 93565 | Pan      | Found an exit through the horrors of the Abyss.
 94505 | Pan      | Noticed Giogg the pandemonium lord
 94559 | Pan      | Killed Giogg the pandemonium lord
 94560 | Pan      | Reached skill level 15 in Throwing
 94768 | Pan      | Lost mutation: You have an increased reservoir of magic.
                  | (+10% MP) [potion of mutation]
 94768 | Pan      | Lost mutation: You are extremely frail. (-30% HP) [potion
                  | of mutation]
 94768 | Pan      | Lost mutation: You are very frail. (-20% HP) [potion of
                  | mutation]
 94768 | Pan      | Gained mutation: You are weak. (Str -2) [potion of
                  | mutation]
 94768 | Pan      | Lost mutation: You are frail. (-10% HP) [potion of
                  | mutation]
 94974 | Pan      | Found an exit through the horrors of the Abyss.
 95395 | Pan      | Found a runed translucent door.
 96218 | Pan      | Entered the realm of Cerebov.
 96701 | Pan      | Lost mutation: Potions are less effective at restoring your
                  | health. [potion of mutation]
 96701 | Pan      | Lost mutation: Your flesh is cold resistant. (rC+) [potion
                  | of mutation]
 96701 | Pan      | Gained mutation: You are robust. (+10% HP) [potion of
                  | mutation]
 96701 | Pan      | Gained mutation: You have a pair of small horns on your
                  | head. [potion of mutation]
 96701 | Pan      | Gained mutation: You sometimes lose the ability to read
                  | scrolls when taking damage. [potion of mutation]
 97050 | Pan      | Found the +6 sword of Cerebov {flame}
 97050 | Pan      | Noticed Cerebov
 97087 | Pan      | Killed Cerebov
 97169 | Pan      | Identified the amulet "Syky" {RegenMP rC+}
 97181 | Pan      | Identified the +4 flail of Gipowko {vorpal, rElec}
 97351 | Pan      | Identified the +3 falchion of Tumult {venom, Int+4}
 97352 | Pan      | Identified the amulet "Duiviece" {Faith rN+ Dex+4}
 97354 | Pan      | Got Ogett's Collected Works on Damaging Dislocation
 97372 | Pan      | Identified the ring "Piettine" {rF+ SInv}
 97373 | Pan      | Lost mutation: You are robust. (+10% HP) [potion of
                  | mutation]
 97373 | Pan      | Lost mutation: You are weak. (Str -2) [potion of mutation]
 97373 | Pan      | Gained mutation: You are robust. (+10% HP) [potion of
                  | mutation]
 97411 | Pan      | Got a fiery rune of Zot
 97457 | Pan      | Got Doefid's Handbook of Dark Magic and Transformation
 97901 | Pan      | Found a white marble altar of Elyvilon.
 98464 | Pan      | Acquired the amulet of Nonwic {Harm rF++ rN+ Regen+ Int-5}
 98978 | Pan      | Found a glowing silver altar of Zin.
 99014 | Pan      | Identified the +1 buckler of the Enchanted Forest {rElec
                  | rC- MP+9 Str+2}
 99461 | Pan      | Identified the +6 scale mail of Osygod {Will+ Int+3}
 99631 | Pan      | Identified the ring "Noqot" {Ice +Blink Will+ Slay+3}
 99631 | Pan      | Noticed a seraph
 99648 | Pan      | Killed a seraph
 99750 | Pan      | Found a glowing golden altar of the Shining One.
 99761 | Pan      | Got Hoaxuc's Incunabulum of the Gliding Escort
 99993 | Pan      | Identified the amulet of Miracles {Acrobat Str+2 SInv}
100285 | Pan      | Reached skill level 27 in Fighting
100339 | Pan      | Reached skill level 15 in Dodging
100556 | Pan      | Noticed Ohyiqeq the pandemonium lord
100653 | Pan      | Gained mutation: Potions are less effective at restoring
                  | your health. [a neqoxec]
100666 | Pan      | Gained mutation: Your spells are a little easier to cast,
                  | but a little less powerful. [a neqoxec]
100831 | Pan      | Reached skill level 27 in Maces & Flails
100886 | Pan      | Killed Ohyiqeq the pandemonium lord
101425 | Pan      | Found an exit through the horrors of the Abyss.
101731 | Pan      | Lost mutation: You sometimes lose the ability to read
                  | scrolls when taking damage. [potion of mutation]
101731 | Pan      | Lost mutation: You are robust. (+10% HP) [potion of
                  | mutation]
101731 | Pan      | Lost mutation: Your spells are a little easier to cast, but
                  | a little less powerful. [potion of mutation]
101731 | Pan      | Gained mutation: Your spells are a little easier to cast,
                  | but a little less powerful. [potion of mutation]
101731 | Pan      | Gained mutation: You expend magic power (3 MP) to
                  | strengthen your wands. [potion of mutation]
102170 | Pan      | Noticed Byug the pandemonium lord
102176 | Pan      | Killed Byug the pandemonium lord
102589 | Pan      | Noticed Gaum the pandemonium lord
102593 | Pan      | Killed Gaum the pandemonium lord
103286 | Pan      | Entered the realm of Gloorx Vloq.
103296 | Pan      | Found an exit through the horrors of the Abyss.
103322 | Pan      | Lost mutation: You have a pair of small horns on your head.
                  | [potion of mutation]
103322 | Pan      | Lost mutation: Your spells are a little easier to cast, but
                  | a little less powerful. [potion of mutation]
103322 | Pan      | Gained mutation: Armour fits poorly on your strangely
                  | shaped body. [potion of mutation]
103322 | Pan      | Gained mutation: Your spells are a little harder to cast,
                  | but a little more powerful. [potion of mutation]
103322 | Pan      | Gained mutation: You are covered in fur. (AC +1) [potion of
                  | mutation]
103515 | Pan      | Identified the +8 long sword of Icuthrem {flame, rPois}
103613 | Pan      | Lost mutation: Your spells are a little harder to cast, but
                  | a little more powerful. [potion of mutation]
103613 | Pan      | Lost mutation: Potions are less effective at restoring your
                  | health. [potion of mutation]
103613 | Pan      | Gained mutation: You have hidden genetic potential. [potion
                  | of mutation]
103613 | Pan      | Gained mutation: You possess an exceptional clarity of
                  | mind. [potion of mutation]
103613 | Pan      | Gained mutation: You are strong-willed. (Will+) [potion of
                  | mutation]
103613 | Pan      | Gained mutation: You have a pair of small horns on your
                  | head. [potion of mutation]
103901 | Pan      | Noticed Gloorx Vloq
103913 | Pan      | Killed Gloorx Vloq
103972 | Pan      | Got a dark rune of Zot
104253 | Pan      | Noticed Quit the pandemonium lord
104310 | Pan      | Killed Quit the pandemonium lord
104375 | Pan      | Found an exit through the horrors of the Abyss.
104861 | Pan      | Entered the realm of Lom Lobon.
105341 | Pan      | Noticed Lom Lobon
106540 | Pan      | Killed Lom Lobon
106638 | Pan      | Got a magical rune of Zot
106888 | Pan      | Found a runed translucent door.
106890 | Pan      | Found a runed translucent door.
106892 | Pan      | Noticed Ypalagekk the pandemonium lord
106894 | Pan      | Found a runed translucent door.
107023 | Pan      | Found a runed translucent door.
107127 | Pan      | Gained mutation: You have sharp fingernails. [hidden
                  | potential]
107269 | Pan      | Identified the +8 spear "Wifrucwi" {freeze, rC+ rCorr
                  | Stlth+}
107411 | Pan      | Killed Ypalagekk the pandemonium lord
107456 | Pan      | Found an exit through the horrors of the Abyss.
107526 | Pan      | Noticed Zoxanuw the pandemonium lord
107550 | Pan      | Killed Zoxanuw the pandemonium lord
108176 | Pan      | Found an exit through the horrors of the Abyss.
108272 | Pan      | Noticed Xueprer the pandemonium lord
108281 | Pan      | Killed Xueprer the pandemonium lord
108729 | Pan      | Identified the +9 war axe of Risk Management {speed, rF+
                  | Will+}
109612 | Pan      | Found an exit through the horrors of the Abyss.
109731 | Pan      | Noticed Urphas the pandemonium lord
110002 | Pan      | Killed Urphas the pandemonium lord
110385 | Pan      | Lost mutation: You have hidden genetic potential. [a
                  | neqoxec]
110487 | Pan      | Gained mutation: You are weak. (Str -2) [a cacodemon]
110488 | Pan      | Gained mutation: You sometimes lose the ability to read
                  | scrolls when taking damage. [a cacodemon]
110497 | Pan      | Noticed Gusuewan the pandemonium lord
110504 | Pan      | Killed Gusuewan the pandemonium lord
110661 | Pan      | Found an exit through the horrors of the Abyss.
111125 | Pan      | Noticed Nygucyq the pandemonium lord
111142 | Pan      | Killed Nygucyq the pandemonium lord
111350 | Pan      | Found an exit through the horrors of the Abyss.
111617 | Pan      | Found an exit through the horrors of the Abyss.
111660 | Pan      | Reached skill level 27 in Armour
111770 | Pan      | Noticed Ziqiceke the pandemonium lord
111783 | Pan      | Killed Ziqiceke the pandemonium lord
112021 | Pan      | Gained mutation: You are frail. (-10% HP) [a cacodemon]
112434 | Pan      | Found an exit through the horrors of the Abyss.
112493 | Pan      | Noticed Kiomomab the pandemonium lord
112504 | Pan      | Killed Kiomomab the pandemonium lord
112527 | Pan      | Cast into level 3 of the Abyss (reaper)
112539 | Abyss:3  | Found a stormy altar of Qazlal.
112924 | Pan      | Escaped the Abyss
112944 | Depths:4 | Escaped Pandemonium
112985 | Pan      | Entered Pandemonium
113094 | Pan      | Lost mutation: You possess an exceptional clarity of mind.
                  | [potion of mutation]
113094 | Pan      | Lost mutation: You have a pair of small horns on your head.
                  | [potion of mutation]
113094 | Pan      | Gained mutation: You are partially covered in iridescent
                  | scales. (AC +2) [potion of mutation]
113094 | Pan      | Gained mutation: Your spells are a little harder to cast,
                  | but a little more powerful. [potion of mutation]
113370 | Pan      | Noticed Vuwnedock the pandemonium lord
113380 | Pan      | Killed Vuwnedock the pandemonium lord
113887 | Pan      | Found a runed translucent door.
114086 | Pan      | Noticed Tauvaa the pandemonium lord
114098 | Pan      | Killed Tauvaa the pandemonium lord
114140 | Pan      | Found an exit through the horrors of the Abyss.
114299 | Pan      | Noticed Huev Gic the pandemonium lord
114304 | Pan      | Killed Huev Gic the pandemonium lord
114822 | Pan      | Noticed Amau the pandemonium lord
114829 | Pan      | Killed Amau the pandemonium lord
115824 | Pan      | Noticed Umpoib the pandemonium lord
115850 | Pan      | Killed Umpoib the pandemonium lord
115917 | Pan      | Identified the +3 chain mail of Discretion {rF+ Str+2}
116241 | Pan      | Noticed Toanuoxoc the pandemonium lord
116249 | Pan      | Killed Toanuoxoc the pandemonium lord
116299 | Pan      | Found an exit through the horrors of the Abyss.
116652 | Pan      | Gained mutation: A frigid envelope surrounds you and
                  | freezes all who hurt you. [a neqoxec]
116851 | Pan      | Found an exit through the horrors of the Abyss.
116982 | Pan      | Noticed Ziugaf the pandemonium lord
117000 | Pan      | Killed Ziugaf the pandemonium lord
117997 | Pan      | Gained mutation: Potions are less effective at restoring
                  | your health. [a cacodemon]
118047 | Pan      | Identified the amulet "Peinub" {Spirit *Slow rPois Will++
                  | Slay+3}
118388 | Pan      | Noticed Foxkadgh the pandemonium lord
118400 | Pan      | Killed Foxkadgh the pandemonium lord
118841 | Pan      | Noticed Jeuroje the pandemonium lord
118856 | Pan      | Killed Jeuroje the pandemonium lord
120118 | Pan      | Identified the +3 broad axe "Yten" {protect, Str+3}
120403 | Pan      | Noticed Cihuez the pandemonium lord
120423 | Pan      | Killed Cihuez the pandemonium lord
120770 | Pan      | Noticed Amuic the pandemonium lord
120777 | Pan      | Killed Amuic the pandemonium lord
120889 | Pan      | Noticed Ignacio
120902 | Pan      | Killed Ignacio
120954 | Pan      | Found an exit through the horrors of the Abyss.
121045 | Pan      | Gained mutation: You are clumsy. (Dex -2) [a neqoxec]
121652 | Pan      | Noticed Fushrusaw the pandemonium lord
121660 | Pan      | Killed Fushrusaw the pandemonium lord
122458 | Pan      | Noticed Lolyrr the pandemonium lord
122471 | Pan      | Killed Lolyrr the pandemonium lord
122581 | Pan      | Found an exit through the horrors of the Abyss.
123102 | Pan      | Found an exit through the horrors of the Abyss.
123296 | Pan      | Identified the +11 trident of Rurong {spect, rN+++ Will-
                  | rCorr Stlth-}
123549 | Pan      | Found an exit through the horrors of the Abyss.
123986 | Pan      | Identified the +5 hand axe "Hurhek" {vorpal, rF+ Str+3
                  | Int+4}
124182 | Pan      | Noticed Viant the pandemonium lord
124198 | Pan      | Killed Viant the pandemonium lord
124332 | Pan      | Found an exit through the horrors of the Abyss.
124340 | Depths:4 | Escaped Pandemonium
124346 | Pan      | Entered Pandemonium
124432 | Pan      | Noticed Xoufal the pandemonium lord
124448 | Pan      | Killed Xoufal the pandemonium lord
125152 | Pan      | Found an exit through the horrors of the Abyss.
125294 | Pan      | Found an exit through the horrors of the Abyss.
125350 | Pan      | Noticed Ugacut the pandemonium lord
125366 | Pan      | Killed Ugacut the pandemonium lord
125683 | Pan      | Gained mutation: You are very weak. (Str -4) [a cacodemon]
126184 | Pan      | Noticed Soatu the pandemonium lord
126200 | Pan      | Killed Soatu the pandemonium lord
126440 | Pan      | Found an exit through the horrors of the Abyss.
126507 | Pan      | Lost mutation: Your spells are a little harder to cast, but
                  | a little more powerful. [a neqoxec]
126636 | Pan      | Noticed Ekebb the pandemonium lord
126649 | Pan      | Killed Ekebb the pandemonium lord
126988 | Pan      | Identified the +2 scale mail of Fortitude {rElec rF- rN+
                  | Int+3}
127022 | Pan      | Found an exit through the horrors of the Abyss.
127305 | Pan      | Gained mutation: You occasionally shout uncontrollably at
                  | your foes. [a neqoxec]
127906 | Pan      | Noticed Xuecla Ymie the pandemonium lord
127921 | Pan      | Killed Xuecla Ymie the pandemonium lord
127973 | Pan      | Reached skill level 27 in Invocations
128075 | Pan      | Identified the ring of the Leaf {rElec Will+ rCorr Str-5
                  | SInv}
128653 | Pan      | Found a transporter.
128672 | Pan      | Found an exit through the horrors of the Abyss.
128686 | Pan      | Found an exit through the horrors of the Abyss.
128817 | Pan      | Found a transporter.
129306 | Pan      | Gained mutation: You have hidden genetic defects. [a
                  | cacodemon]
129394 | Pan      | Identified the ring "Idyph" {Fly rN+ rCorr Int+4}
129399 | Pan      | Identified the ring "Tostren" {rElec rC++ MP-9 AC+4 Dex+3}
129415 | Pan      | Identified the ring of Edotru {Fire Will+ Int+3}
129442 | Pan      | Lost mutation: You are very weak. (Str -4) [potion of
                  | mutation]
129442 | Pan      | Lost mutation: You sometimes lose the ability to read
                  | scrolls when taking damage. [potion of mutation]
129442 | Pan      | Lost mutation: You are clumsy. (Dex -2) [potion of
                  | mutation]
129443 | Pan      | Lost mutation: Potions are less effective at restoring your
                  | health. [potion of mutation]
129443 | Pan      | Lost mutation: You are partially covered in iridescent
                  | scales. (AC +2) [potion of mutation]
129443 | Pan      | Lost mutation: You occasionally shout uncontrollably at
                  | your foes. [potion of mutation]
129443 | Pan      | Gained mutation: You are agile. (Dex +2) [potion of
                  | mutation]
129443 | Pan      | Gained mutation: You have very sharp fingernails. [potion
                  | of mutation]
129444 | Pan      | Lost mutation: Armour fits poorly on your strangely shaped
                  | body. [potion of mutation]
129444 | Pan      | Lost mutation: You are weak. (Str -2) [potion of mutation]
129444 | Pan      | Lost mutation: You are frail. (-10% HP) [potion of
                  | mutation]
129444 | Pan      | Gained mutation: Your muscles are strong. (Str +2) [potion
                  | of mutation]
129444 | Pan      | Gained mutation: Your mind is acute. (Int +2) [potion of
                  | mutation]
129444 | Pan      | Lost mutation: Your muscles are strong. (Str +2) [potion of
                  | mutation]
129444 | Pan      | Gained mutation: You are partially covered in iridescent
                  | scales. (AC +2) [potion of mutation]
129588 | Pan      | Noticed Fotuez the pandemonium lord
129607 | Pan      | Killed Fotuez the pandemonium lord
130370 | Pan      | Lost mutation: You are agile. (Dex +2) [hidden defects]
130397 | Pan      | Noticed Mennas
130409 | Pan      | Killed Mennas
130485 | Pan      | Found an exit through the horrors of the Abyss.
130509 | Pan      | Identified the +1 scythe "Jeppi" {vorpal, rC- rCorr Str+2}
131106 | Pan      | Gained mutation: You are clumsy. (Dex -2) [hidden defects]
131106 | Pan      | Lost mutation: You have hidden genetic defects. [hidden
                  | defects expressed]
131205 | Pan      | Noticed Xahomn the pandemonium lord
131215 | Pan      | Killed Xahomn the pandemonium lord
131561 | Pan      | Found an exit through the horrors of the Abyss.
131932 | Pan      | Found an exit through the horrors of the Abyss.
132043 | Pan      | Gained mutation: Your spells are a little easier to cast,
                  | but a little less powerful. [a neqoxec]
132047 | Pan      | Gained mutation: You are weak. (Str -2) [a neqoxec]
132055 | Pan      | Noticed Dofadgh the pandemonium lord
132069 | Pan      | Killed Dofadgh the pandemonium lord
132109 | Pan      | Identified the +3 hunting sling of Tukh {freeze, rElec rF++
                  | Will- Int+4}
132647 | Depths:4 | Escaped Pandemonium
132653 | Pan      | Entered Pandemonium
132658 | Pan      | Lost mutation: You are clumsy. (Dex -2) [a neqoxec]
132660 | Pan      | Gained mutation: You tend to lose your temper in combat. [a
                  | neqoxec]
133006 | Pan      | Noticed Bief the pandemonium lord
133014 | Pan      | Killed Bief the pandemonium lord
133375 | Pan      | Found an exit through the horrors of the Abyss.
133527 | Pan      | Noticed Zoomn the pandemonium lord
133549 | Pan      | Killed Zoomn the pandemonium lord
134202 | Pan      | Found a huge runed translucent gate.
134206 | Pan      | Found a huge runed translucent gate.
134207 | Pan      | Found a huge runed translucent gate.
134207 | Pan      | Found a huge runed translucent gate.
134207 | Pan      | Found a huge runed translucent gate.
134207 | Pan      | Found a huge runed translucent gate.
134466 | Pan      | Found an exit through the horrors of the Abyss.
134826 | Pan      | Found a huge runed translucent gate.
134840 | Pan      | Noticed Hiysiget the pandemonium lord
134971 | Pan      | Killed Hiysiget the pandemonium lord
135141 | Pan      | Found an exit through the horrors of the Abyss.
135666 | Pan      | Noticed Tyckidd the pandemonium lord
135677 | Pan      | Killed Tyckidd the pandemonium lord
136213 | Pan      | Gained mutation: Your magical capacity is low. (-10% MP) [a
                  | neqoxec]
136321 | Pan      | Noticed Wawuquor the pandemonium lord
136339 | Pan      | Killed Wawuquor the pandemonium lord
136540 | Pan      | Cast into level 4 of the Abyss (+3 demon trident of
                  | distortion)
136551 | Abyss:4  | Found a corrupted altar of Lugonu.
136565 | Pan      | Escaped the Abyss
137374 | Pan      | Found an exit through the horrors of the Abyss.
137449 | Pan      | Noticed Qoohaghu the pandemonium lord
137466 | Pan      | Killed Qoohaghu the pandemonium lord
137478 | Pan      | Identified the +3 plate armour "Baesai" {Slay+2}
138365 | Pan      | Noticed Unuati the pandemonium lord
138373 | Pan      | Reached skill level 27 in Throwing
138381 | Pan      | Killed Unuati the pandemonium lord
138488 | Pan      | Identified the +6 chain mail of the Gloaming {*Slow rCorr
                  | Str+4}
139010 | Pan      | Found an exit through the horrors of the Abyss.
139258 | Pan      | Noticed Quqoel the pandemonium lord
139267 | Pan      | Killed Quqoel the pandemonium lord
139308 | Pan      | Identified the amulet "Wuorem" {Faith rF+ Str+6}
139381 | Pan      | Found an exit through the horrors of the Abyss.
139614 | Pan      | Noticed Utsefrol the pandemonium lord
139629 | Pan      | Killed Utsefrol the pandemonium lord
139733 | Pan      | Found an exit through the horrors of the Abyss.
140129 | Pan      | Acquired the +0 pair of fencer's gloves {Riposte Dex+3}
140129 | Pan      | Found the +0 pair of fencer's gloves {Riposte Dex+3}
140177 | Pan      | Noticed Sein Demm the pandemonium lord
140188 | Pan      | Killed Sein Demm the pandemonium lord
140458 | Pan      | Gained mutation: You often lose your temper in combat. [a
                  | cacodemon]
140555 | Pan      | Found an exit through the horrors of the Abyss.
140900 | Pan      | Found an exit through the horrors of the Abyss.
140947 | Pan      | Gained mutation: Your magical capacity is very low. (-20%
                  | MP) [a neqoxec]
141047 | Pan      | Gained mutation: You are very weak. (Str -4) [a cacodemon]
141050 | Pan      | Gained mutation: Your body sometimes deteriorates upon
                  | taking damage. [a cacodemon]
141088 | Pan      | Lost mutation: Your mind is acute. (Int +2) [potion of
                  | mutation]
141088 | Pan      | Lost mutation: You expend magic power (3 MP) to strengthen
                  | your wands. [potion of mutation]
141088 | Pan      | Lost mutation: You are covered in fur. (AC +1) [potion of
                  | mutation]
141088 | Pan      | Gained mutation: Your body often deteriorates upon taking
                  | damage. [potion of mutation]
141089 | Pan      | Lost mutation: A frigid envelope surrounds you and freezes
                  | all who hurt you. [potion of mutation]
141089 | Pan      | Lost mutation: You often lose your temper in combat.
                  | [potion of mutation]
141089 | Pan      | Lost mutation: Your spells are a little easier to cast, but
                  | a little less powerful. [potion of mutation]
141089 | Pan      | Gained mutation: You are clumsy. (Dex -2) [potion of
                  | mutation]
141090 | Pan      | Lost mutation: Your body often deteriorates upon taking
                  | damage. [potion of mutation]
141090 | Pan      | Lost mutation: Your magical capacity is very low. (-20% MP)
                  | [potion of mutation]
141090 | Pan      | Lost mutation: You tend to lose your temper in combat.
                  | [potion of mutation]
141090 | Pan      | Gained mutation: You tend to lose your temper in combat.
                  | [potion of mutation]
141091 | Pan      | Lost mutation: You are strong-willed. (Will+) [potion of
                  | mutation]
141091 | Pan      | Lost mutation: Your magical capacity is low. (-10% MP)
                  | [potion of mutation]
141091 | Pan      | Lost mutation: Your body sometimes deteriorates upon taking
                  | damage. [potion of mutation]
141091 | Pan      | Lost mutation: You tend to lose your temper in combat.
                  | [potion of mutation]
141091 | Pan      | Gained mutation: A frigid envelope surrounds you and
                  | freezes all who hurt you. [potion of mutation]
141091 | Pan      | Gained mutation: You expend magic power (3 MP) to
                  | strengthen your wands. [potion of mutation]
141092 | Pan      | Lost mutation: You have very sharp fingernails. [potion of
                  | mutation]
141092 | Pan      | Lost mutation: You have sharp fingernails. [potion of
                  | mutation]
141093 | Pan      | Lost mutation: You are clumsy. (Dex -2) [potion of
                  | mutation]
141093 | Pan      | Lost mutation: You are very weak. (Str -4) [potion of
                  | mutation]
141093 | Pan      | Lost mutation: You are partially covered in iridescent
                  | scales. (AC +2) [potion of mutation]
141093 | Pan      | Lost mutation: You are weak. (Str -2) [potion of mutation]
141093 | Pan      | Gained mutation: You are covered in fur. (AC +1) [potion of
                  | mutation]
141093 | Pan      | Gained mutation: Your magical capacity is low. (-10% MP)
                  | [potion of mutation]
141093 | Pan      | Gained mutation: You are agile. (Dex +2) [potion of
                  | mutation]
141546 | Pan      | Noticed Ybauts the pandemonium lord
141559 | Pan      | Killed Ybauts the pandemonium lord
141808 | Pan      | Gained mutation: You tend to lose your temper in combat. [a
                  | neqoxec]
141845 | Pan      | Identified the ring "Ixasyss" {rElec rF+ Str+6 Int+4}
141945 | Pan      | Found an exit through the horrors of the Abyss.
142053 | Pan      | Identified the +3 trident "Ulionot" {venom, rElec rF+
                  | Will++ Stlth+}
142459 | Pan      | Gained mutation: You are frail. (-10% HP) [a cacodemon]
142598 | Pan      | Reached skill level 27 in Dodging
142638 | Pan      | Reached skill level 1 in Spellcasting
142665 | Pan      | Reached skill level 1 in Ice Magic
142676 | Pan      | Reached skill level 1 in Axes
142676 | Pan      | Reached skill level 1 in Evocations
142720 | Pan      | Noticed Lim Akk the pandemonium lord
142724 | Pan      | Killed Lim Akk the pandemonium lord
143144 | Pan      | Gained mutation: You sometimes lose the ability to read
                  | scrolls when taking damage. [a cacodemon]
143152 | Pan      | Gained mutation: You occasionally shout uncontrollably at
                  | your foes. [a cacodemon]
143180 | Pan      | Noticed Pekken the pandemonium lord
143185 | Pan      | Killed Pekken the pandemonium lord
143470 | Pan      | Found an exit through the horrors of the Abyss.
143549 | Pan      | Reached skill level 5 in Axes
143659 | Pan      | Lost mutation: You expend magic power (3 MP) to strengthen
                  | your wands. [potion of mutation]
143659 | Pan      | Lost mutation: You sometimes lose the ability to read
                  | scrolls when taking damage. [potion of mutation]
143660 | Pan      | Lost mutation: You are agile. (Dex +2) [potion of mutation]
143660 | Pan      | Lost mutation: You are frail. (-10% HP) [potion of
                  | mutation]
143660 | Pan      | Lost mutation: Your magical capacity is low. (-10% MP)
                  | [potion of mutation]
143660 | Pan      | Gained mutation: Your body sometimes deteriorates upon
                  | taking damage. [potion of mutation]
143660 | Pan      | Gained mutation: Your natural rate of healing is unusually
                  | fast. [potion of mutation]
144064 | Pan      | Noticed Coymuoh the pandemonium lord
144169 | Pan      | Killed Coymuoh the pandemonium lord
144217 | Pan      | Reached skill level 10 in Axes
144344 | Pan      | Gained mutation: Armour fits poorly on your strangely
                  | shaped body. [a neqoxec]
144361 | Pan      | Found an exit through the horrors of the Abyss.
145246 | Pan      | Noticed Optoad the pandemonium lord
145263 | Pan      | Found an exit through the horrors of the Abyss.
145268 | Pan      | Acquired the +1 pair of boots of Daciastra {Slay+3}
145462 | Pan      | Killed Optoad the pandemonium lord
145612 | Pan      | Gained mutation: You are clumsy. (Dex -2) [a neqoxec]
145901 | Pan      | Noticed Baqefamo the pandemonium lord
145946 | Pan      | Killed Baqefamo the pandemonium lord
145953 | Pan      | Found an exit through the horrors of the Abyss.
146681 | Pan      | Identified the +2 robe "Gitedwett" {Int+3}
146705 | Pan      | Reached skill level 15 in Axes
146728 | Pan      | Found an exit through the horrors of the Abyss.
146880 | Pan      | Noticed Tylainacs the pandemonium lord
146911 | Pan      | Acquired a manual of Evocations
147272 | Pan      | Noticed Wutwal the pandemonium lord
147279 | Pan      | Killed Wutwal the pandemonium lord
147674 | Pan      | Found an exit through the horrors of the Abyss.
148653 | Pan      | Noticed Zoja the pandemonium lord
148668 | Pan      | Killed Zoja the pandemonium lord
148929 | Pan      | Found an exit through the horrors of the Abyss.
149114 | Pan      | Found an exit through the horrors of the Abyss.
149278 | Pan      | Noticed Xiekij the pandemonium lord
149289 | Pan      | Killed Xiekij the pandemonium lord
150196 | Pan      | Noticed Catsih the pandemonium lord
150224 | Pan      | Killed Catsih the pandemonium lord
150270 | Pan      | Found an exit through the horrors of the Abyss.
150793 | Pan      | Found a runed translucent door.
151379 | Pan      | Identified the +7 tower shield "Boyn" {Fly rElec Str+3}
151972 | Pan      | Noticed Liole the pandemonium lord
151984 | Pan      | Killed Liole the pandemonium lord
152487 | Pan      | Noticed Jesmafang the pandemonium lord
152518 | Pan      | Killed Jesmafang the pandemonium lord
152818 | Pan      | Noticed Luatt the pandemonium lord
153090 | Pan      | Killed Luatt the pandemonium lord
153867 | Pan      | Noticed Nycsa the pandemonium lord
153877 | Pan      | Killed Nycsa the pandemonium lord
154351 | Pan      | Gained mutation: You are frail. (-10% HP) [a neqoxec]
154368 | Pan      | Paralysed by a Zot trap for 2 turns
154613 | Pan      | Found an exit through the horrors of the Abyss.
154982 | Pan      | Noticed Ycecelud the pandemonium lord
155001 | Pan      | Killed Ycecelud the pandemonium lord
155395 | Pan      | Lost mutation: You are covered in fur. (AC +1) [potion of
                  | mutation]
155395 | Pan      | Lost mutation: A frigid envelope surrounds you and freezes
                  | all who hurt you. [potion of mutation]
155395 | Pan      | Lost mutation: You are frail. (-10% HP) [potion of
                  | mutation]
155446 | Pan      | Reached skill level 5 in Spellcasting
155585 | Pan      | Noticed Cothysh the pandemonium lord
155596 | Pan      | Killed Cothysh the pandemonium lord
155744 | Pan      | Found an exit through the horrors of the Abyss.
156109 | Pan      | Reached skill level 5 in Ice Magic
156407 | Pan      | Found an exit through the horrors of the Abyss.
156486 | Pan      | Noticed Caaruiw the pandemonium lord
156505 | Pan      | Killed Caaruiw the pandemonium lord
157038 | Pan      | Gained mutation: You sometimes lose the ability to read
                  | scrolls when taking damage. [a neqoxec]
157066 | Pan      | Lost mutation: You sometimes lose the ability to read
                  | scrolls when taking damage. [potion of mutation]
157066 | Pan      | Lost mutation: You occasionally shout uncontrollably at
                  | your foes. [potion of mutation]
157066 | Pan      | Gained mutation: Your spells are a little easier to cast,
                  | but a little less powerful. [potion of mutation]
157066 | Pan      | Gained mutation: Your body often deteriorates upon taking
                  | damage. [potion of mutation]
157066 | Pan      | Gained mutation: Your muscles are strong. (Str +2) [potion
                  | of mutation]
157091 | Pan      | Gained mutation: You have hidden genetic defects. [a
                  | neqoxec]
157453 | Pan      | Found an exit through the horrors of the Abyss.
157648 | Pan      | Gained mutation: You are frail. (-10% HP) [a neqoxec]
157736 | Pan      | Noticed Dirocad the pandemonium lord
157831 | Pan      | Reached skill level 10 in Spellcasting
157850 | Pan      | Killed Dirocad the pandemonium lord
158047 | Pan      | Lost mutation: You have hidden genetic defects. [potion of
                  | mutation]
158047 | Pan      | Lost mutation: Your natural rate of healing is unusually
                  | fast. [potion of mutation]
158047 | Pan      | Lost mutation: You tend to lose your temper in combat.
                  | [potion of mutation]
158047 | Pan      | Gained mutation: You expend magic power (3 MP) to
                  | strengthen your wands. [potion of mutation]
158120 | Pan      | Noticed Buwnoga the pandemonium lord
158123 | Pan      | Identified the ring "Usmi" {+Blink rPois Str+6 Int+4 Dex-3}
158141 | Pan      | Killed Buwnoga the pandemonium lord
158252 | Pan      | Gained mutation: You occasionally shout uncontrollably at
                  | your foes. [a cacodemon]
158689 | Depths:4 | Escaped Pandemonium
158696 | Pan      | Entered Pandemonium
158711 | Pan      | Found an exit through the horrors of the Abyss.
158768 | Pan      | Learned a level 9 spell: Polar Vortex
158778 | Pan      | Learned a level 9 spell: Chain Lightning
158805 | Pan      | Learned a level 9 spell: Shatter
158815 | Pan      | Learned a level 9 spell: Fire Storm
159058 | Pan      | Reached skill level 10 in Ice Magic
159156 | Pan      | Noticed Feymarab the pandemonium lord
159166 | Pan      | Killed Feymarab the pandemonium lord
159665 | Pan      | Lost mutation: You are frail. (-10% HP) [potion of
                  | mutation]
159665 | Pan      | Lost mutation: Your body often deteriorates upon taking
                  | damage. [potion of mutation]
159841 | Pan      | Found an exit through the horrors of the Abyss.
160029 | Pan      | Gained mutation: Your spells are easier to cast, but less
                  | powerful. [a neqoxec]
160030 | Pan      | Noticed Oxida the pandemonium lord
160030 | Pan      | Gained mutation: Your body often deteriorates upon taking
                  | damage. [a neqoxec]
160043 | Pan      | Killed Oxida the pandemonium lord
160853 | Pan      | Reached skill level 1 in Stealth
161374 | Pan      | Gained mutation: You are frail. (-10% HP) [a cacodemon]
161431 | Pan      | Found an exit through the horrors of the Abyss.
161721 | Pan      | Noticed Silif the pandemonium lord
161730 | Pan      | Killed Silif the pandemonium lord
161809 | Pan      | Found an exit through the horrors of the Abyss.
162599 | Pan      | Noticed Aleaps Xoluy the pandemonium lord
162612 | Pan      | Killed Aleaps Xoluy the pandemonium lord
162613 | Pan      | Reached skill level 15 in Spellcasting
162908 | Pan      | Lost mutation: Armour fits poorly on your strangely shaped
                  | body. [a neqoxec]
163159 | Pan      | Found an exit through the horrors of the Abyss.
163253 | Pan      | Lost mutation: Your muscles are strong. (Str +2) [a
                  | neqoxec]
163332 | Pan      | Found an exit through the horrors of the Abyss.
163390 | Pan      | Learned a level 9 spell: Dragon's Call
163828 | Pan      | Gained mutation: Armour fits poorly on your strangely
                  | shaped body. [a neqoxec]
163832 | Pan      | Noticed Onuxkan the pandemonium lord
163838 | Pan      | Killed Onuxkan the pandemonium lord
164190 | Pan      | Noticed Xaghuyr the pandemonium lord
164322 | Pan      | Killed Xaghuyr the pandemonium lord
164323 | Pan      | Reached skill level 15 in Ice Magic
164476 | Pan      | Lost mutation: You expend magic power (3 MP) to strengthen
                  | your wands. [a cacodemon]
164481 | Pan      | Gained mutation: You are weak. (Str -2) [a cacodemon]
164608 | Pan      | Gained mutation: You are strong-willed. (Will+) [a neqoxec]
164928 | Pan      | Identified the +2 dagger of Antichthon's Execution {holy,
                  | *Noise rC+ Int+4 Dex+3}
165274 | Pan      | Gained mutation: You are very frail. (-20% HP) [a neqoxec]
165275 | Pan      | Gained mutation: You are very weak. (Str -4) [a neqoxec]
165339 | Pan      | Found an exit through the horrors of the Abyss.
165509 | Pan      | Noticed Tunaz the pandemonium lord
165540 | Pan      | Killed Tunaz the pandemonium lord
166029 | Pan      | Gained mutation: You are occasionally teleported next to
                  | monsters. [a neqoxec]
166049 | Pan      | Gained mutation: You have hidden genetic defects. [a
                  | neqoxec]
166089 | Pan      | Noticed Koankiymax the pandemonium lord
166104 | Pan      | Killed Koankiymax the pandemonium lord
166251 | Pan      | Gained mutation: You frequently scream uncontrollably at
                  | your foes. [a neqoxec]
166587 | Pan      | Gained mutation: You are dopey. (Int -2) [hidden defects]
166780 | Pan      | Found an exit through the horrors of the Abyss.
166851 | Pan      | Noticed Raeroicw the pandemonium lord
166866 | Pan      | Killed Raeroicw the pandemonium lord
167524 | Pan      | Gained mutation: You are very clumsy. (Dex -4) [hidden
                  | defects]
167524 | Pan      | Lost mutation: You have hidden genetic defects. [hidden
                  | defects expressed]
167632 | Pan      | Noticed Amih the pandemonium lord
167645 | Pan      | Killed Amih the pandemonium lord
168400 | Pan      | Found an exit through the horrors of the Abyss.
168621 | Pan      | Noticed Book Xec the pandemonium lord
168733 | Pan      | Killed Book Xec the pandemonium lord
169151 | Pan      | Noticed Kats the pandemonium lord
169174 | Pan      | Killed Kats the pandemonium lord
169252 | Pan      | Found an exit through the horrors of the Abyss.
170129 | Pan      | Noticed Wigual the pandemonium lord
170135 | Pan      | Killed Wigual the pandemonium lord
170802 | Pan      | Noticed Weagrafi the pandemonium lord
170807 | Pan      | Killed Weagrafi the pandemonium lord
171504 | Pan      | Found an exit through the horrors of the Abyss.
171700 | Pan      | Found an exit through the horrors of the Abyss.
171799 | Pan      | Noticed Xasmecw the pandemonium lord
171806 | Pan      | Killed Xasmecw the pandemonium lord
172282 | Pan      | Identified the amulet "Egeitoxi" {Spirit rElec}
172438 | Pan      | Found an exit through the horrors of the Abyss.
172472 | Pan      | Noticed Namup the pandemonium lord
172486 | Pan      | Killed Namup the pandemonium lord
172835 | Pan      | Noticed Qerathry the pandemonium lord
172844 | Pan      | Killed Qerathry the pandemonium lord
173512 | Pan      | Noticed Sobropru the pandemonium lord
173519 | Pan      | Killed Sobropru the pandemonium lord
173665 | Pan      | Gained mutation: You sometimes lose the ability to read
                  | scrolls when taking damage. [a neqoxec]
173724 | Pan      | Gained mutation: Your magical capacity is low. (-10% MP) [a
                  | neqoxec]
173729 | Pan      | Found an exit through the horrors of the Abyss.
173761 | Pan      | Gained mutation: You tend to lose your temper in combat. [a
                  | neqoxec]
173852 | Pan      | Gained mutation: You do not regenerate when monsters are
                  | visible. [a neqoxec]
173856 | Pan      | Gained mutation: You have hidden genetic defects. [a
                  | neqoxec]
173863 | Pan      | Gained mutation: You are extremely frail. (-30% HP) [a
                  | neqoxec]
174260 | Pan      | Killed from afar by a hellion

Illustrated notes

Levels and vault maps discovered:
D:1:      dpeg_arrival_central, layout_rooms, kennysheep_pointless_box,
          hex_intersection, chequers_mini_garden
D:2:      layout_loops_ring, basic_ecumenical_altar, skrybe_limestone_x,
          chequers_big_river
D:3:      layout_basic, pf_just_have_faith, serial_shops,
          nicolae_shop_temple_entry_statues_fountains, serial_co_window_serial,
          co_window_paths_b, co_window_paths_a, co_window_corner_a,
          co_window_paths_a, co_window_corner_a, co_window_2corner,
          co_window_unsneaky_path_b, co_window_broadway_b, co_window_cross_3,
          co_window_unsneaky_path_a, co_window_sun, co_window_4corner_b,
          glass_columns_b, glass_columns_c, glass_columns_c, glass_columns_c,
          serial_bayou_pond_b
D:4:      layout_cave_pods, nemelex_dance_club_becter, serial_shops,
          shop_statue, shop, nicolae_shop_hallway_stairs,
          nicolae_shop_statue_plus, hangedman_decor_peaks_small,
          kennysheep_opposing_triangles, uniq_eustachio, uniq_natasha
D:5:      layout_cave_pools, lemuel_tele_altar, minmay_temple_entry_wispy,
          gup_sewer_entry_bubbles, kennysheep_generic_room_2, uniq_grinder
D:6:      layout_loops_ring
D:7:      layout_basic, mainiacjoe_overflow_big_doors, uniq_joseph
D:8:      layout_cave_pools, lemuel_coloured_pillars_altar,
          mainiacjoe_overflow_boulevard, uniq_gastronok, uniq_maurice
D:9:      layout_basic, kennysheep_little_box,
          mainiacjoe_overflow_catch_the_wave, kennysheep_small_square,
          uniq_grum, uniq_harold
D:10:     layout_gridville, muffindrake_ghost_dual_entry, minmay_shop_mayhem,
          uniq_erolcha
D:11:     layout_roguey, lair_entry_dummy, portal_ice_cave_entry_pillars_2,
          serial_shops, shop_fountains, nicolae_wu_jian_glorious_leap
D:12:     layout_irregular_city, hiddenorc1_lemuel, introduction_to_nature_2
D:13:     layout_loops_ring, gammafunk_ghost_necromancy,
          nicolae_hepliaklqana_hippocampus, uniq_urug
D:14:     layout_rooms, ximxim_vaults_locker_room, minmay_holes,
          gammafunk_ghost_split
D:15:     hangedman_depths_entry_civil_slaughter, layout_layer_cave,
          fedhas_altar_4
Temple:   nicolae_temple_hex_pool
Lair:1:   dragon1_lemuel, layout_gridlike
Lair:2:   layout_cave_shapes, serial_forest, infiniplex_forest_end_2,
          infiniplex_forest_end_1, infiniplex_forest_3_way,
          infiniplex_forest_straight_2, infiniplex_forest_straight_2,
          infiniplex_forest_end_2, nicolae_quartered_pool_little,
          nicolae_lair_lakeside_cave
Lair:3:   layout_big_grid, guppyfry_snake_entry_island
Lair:4:   layout_loops_ring, minmay_swamp_entry_worms,
          hellmonk_guarded_unrand_zhor, grunt_megastairs_1
Lair:5:   layout_roguey, dpeg_slime_entry_enclosed_altar
Lair:6:   evil_forest, layout_regular_city, minivault_25
Swamp:1:  layout_falls_marsh, evilmike_swamp_ruin_house_6, uniq_josephine,
          uniq_frances
Swamp:2:  layout_falls_marsh, gammafunk_ghost_arena,
          nicolae_swamp_very_dense_foliage, swamp_pool1
Swamp:3:  nicolae_swamp_decorative_isthmus, layout_falls_marsh,
          serial_swamp_ruin, evilmike_swamp_ruin_house_3,
          evilmike_swamp_ruin_house_1, swamp_pool5, st_swamp_mini, uniq_louise
Swamp:4:  swamp_basic_johnstein, layout_basic_swamp, ebering_ghost_xom
Snake:1:  layout_chambers, serial_shops, shop, hangedman_snake_corridor_cut,
          minmay_shop_grove, grunt_megastairs_4, uniq_kirke
Snake:2:  layout_cave_shapes, serial_bayou, serial_bayou_lagoon_a,
          serial_bayou_lake_a, serial_bayou_pond_e, serial_bayou_pond_c,
          serial_bayou_pond_a, uniq_vashnia, uniq_aizul, uniq_agnes
Snake:3:  nicolae_aizul_guard, layout_layer_cave, special_room, drop_trap,
          nicolae_snake_omega
Snake:4:  johnstein_snake_rune_scales, layout_cave_town
Slime:1:  layout_caves
Slime:2:  layout_caves, basic_altar
Slime:3:  layout_caves, nicolae_slime_round_cave
Slime:4:  layout_caves, nicolae_slime_phagocytosis
Slime:5
Orc:1:    layout_diamond_mine, serial_shops, nicolae_shop_bloodbath_and_beyond,
          shop, shop, shop, gammafunk_ghost_wrathful_warriors, uniq_nergalle,
          uniq_snorg
Orc:2:    grunt_orc_cross, layout_caves, uniq_donald
Elf:1:    eino_elf_arrival_sip, layout_geoelf_diagonals,
          hangedman_corner_corridor, drop_trap, uniq_jorgrun
Elf:2:    elven_hall_of_blades_hangedman_alternative
          [nicolae_blade_entry_crossed_weapons], layout_loops_cross,
          serial_sigils_hangedman_scratch
Elf:3:    grunt_elf_hall_spiral, layout_gridlike, minivault_25
Vaults:1: nicolae_vaults_three_branches, vaults_standard_mumra_lines,
          hangedman_vaults_impose, nicolae_vaults_sealed_display,
          nicolae_vaults_circle_grid_a, hangedman_vaults_nails, v_pattern_3,
          serial_ice_h, vaults_dpeg_diagonal, nicolae_vaults_asterisk,
          vaults_dpeg_encased_lava, layout_vaults_omnicross
Vaults:2: nicolae_vaults_network_s, ontoclasm_vaults_ring_square, v_misc_5,
          nicolae_vaults_little_squares_3, ontoclasm_vaults_idyll,
          minmay_crypt_entry_simple_statues, nicolae_vaults_little_squares_4,
          vaults_room_hallway, layout_vaults_quadrants
Vaults:3: grunt_vaults_hallway_short, vaults_room_large_hall,
          hangedman_vaults_river_flow, v_misc_23, v_rooms_2,
          nicolae_vaults_network_quinsquares
          [nicolae_vaults_network_quincunx_subvault,
          nicolae_vaults_network_quincunx_subvault,
          nicolae_vaults_network_quincunx_subvault,
          nicolae_vaults_network_quincunx_subvault], ontoclasm_vaults_chip,
          nicolae_vaults_little_squares_2, v_misc_12, nicolae_vaults_gold_heap,
          ontoclasm_vaults_eye, layout_vaults_ring
Vaults:4: grunt_vaults_hallway_short, hangedman_vaults_pinch, v_misc_14,
          v_pattern_2, nicolae_vaults_yaktaur_gun_rack, grunt_vaults_bifocal,
          ontoclasm_vaults_chip, layout_vaults_big_room
Vaults:5
Crypt:1:  layout_rooms, nicolae_crypt_crumbling_hall, uniq_sojobo
Crypt:2:  layout_catacombs
Crypt:3:  evilmike_haunted_forest
Depths:1: layout_gridville, enter_ziggurat_e, hangedman_coc_ice_floe,
          serial_shops, shop, chequers_serial_rivers_micro_c, item_on_display_a,
          serial_bayou_shore_a, serial_bayou_shore_b, grunt_megastairs_5,
          uniq_nikola
Depths:2: due_jory_tower, layout_gridville, pf_hell_entry_tar_river,
          serial_bayou_pond_e, grunt_pan_entry_zigzag, serial_shops, shop,
          hangedman_abyss_entry_splay, infiniplex_staircase_door_maze
Depths:3: minmay_big_diamond_grid, layout_cave_shapes, hell_entry, abyss_entry,
          serial_co_window_serial, co_window_corner_a, co_window_paths_a,
          co_window_paths_a, co_window_paths_a, co_window_corner_a,
          co_window_of_opportunity_a, co_window_of_opportunity_a,
          co_window_corner_b, co_window_cross_2, glass_columns_b,
          glass_columns_a
Depths:4: evilmike_zot_entry_basic, layout_honeycomb, serial_shops,
          bzr_entry_dummy, minmay_misc_feat_iff, pan_entry, nzn_ghost_randoct,
          hell_entry
Hell
Zot:1:    layout_cathedral_of_symmetry, grunt_megastairs_3
Zot:2:    layout_concentric_octagons, lemuel_baited_zot_trap
Zot:3:    layout_twisted_circle
Zot:4:    layout_twisted_circle, uniq_parghit
Zot:5:    layout_gridlike, grunt_ministairs_9, st_stairs_3,
          nicolae_shop_clearance
Pan:      rand_demon_3, layout_pan_divisions_a [pan_division_quadrant_a1,
          pan_division_quadrant_a6, pan_division_quadrant_a4,
          pan_division_quadrant_a4, pan_division_octagon_empty], rand_demon_5,
          layout_pan_divisions_a [pan_division_quadrant_a2,
          pan_division_quadrant_a2, pan_division_quadrant_a4,
          pan_division_quadrant_a5, pan_division_octagon_rings],
          evilmike_mini_pan_diamond, layout_small_grid, pan_blood_fountain,
          lemuel_hall_of_pain, layout_pan_divisions_b [pan_division_quadrant_b5,
          pan_division_quadrant_b2, pan_division_quadrant_b6,
          pan_division_quadrant_b6], mnoleg_grunt, layout_gridlike,
          rand_demon_8, layout_pan_divisions_a [pan_division_quadrant_a1,
          pan_division_quadrant_a2, pan_division_quadrant_a2,
          pan_division_quadrant_a3, pan_division_octagon_empty],
          evilmike_mini_pan_corridor, layout_basic,
          regret_index_pan_draining_boxed, layout_gridlike,
          nicolae_pan_sigil_nadil, cerebov_grunt, layout_long_grid,
          pan_blood_fountain_small, evilmike_holy_pan, nicolae_pan_double_arrow,
          layout_basic, rand_demon_4, layout_rooms, evilmike_mini_pan_pillars_b,
          layout_onion_city, evilmike_gloorx_vloq_box, layout_pan_divisions_b
          [pan_division_quadrant_b5, pan_division_quadrant_b6,
          pan_division_quadrant_b3, pan_division_quadrant_b1],
          pan_blood_fountain_2, evilmike_mini_pan_possible_glass,
          layout_stronghold, lom_lobon_grunt_wind_tunnels, layout_stronghold,
          pan_blood_fountain_2, rand_demon_7, layout_gridville,
          nicolae_pan_glass_arcs, layout_irregular_city,
          nicolae_pan_gloorx_vloqian_3, rand_demon_1, layout_chambers,
          rand_demon_3, layout_pan_divisions_b [pan_division_quadrant_b4,
          pan_division_quadrant_b1, pan_division_quadrant_b6,
          pan_division_quadrant_b3], nicolae_pan_cerebovesque_2,
          reaverb_pan_figure_eight, grunt_pan_sceptre, layout_gridlike,
          nicolae_pan_sigil_nadil, evilmike_mini_pan_possible_glass,
          layout_basic, rand_demon_2, layout_grid_shapes, evilmike_mini_pan_3x3,
          layout_cellular_growth, rand_demon_4, layout_grid_shapes,
          pan_blood_fountain, pan_captured_pigsty, rand_demon_9,
          layout_gridlike, nicolae_pan_sigil_nadil, grunt_pan_in_and_out,
          layout_pan_divisions_a [pan_division_quadrant_a6,
          pan_division_quadrant_a2, pan_division_quadrant_a6,
          pan_division_quadrant_a2, pan_division_octagon_halves],
          evilmike_mini_pan_corner, layout_pan_divisions_a
          [pan_division_quadrant_a3, pan_division_quadrant_a1,
          pan_division_quadrant_a2, pan_division_quadrant_a2,
          pan_division_octagon_halves], evilmike_mini_pan_corridor,
          layout_basic, nicolae_pan_lom_lobonic_1, rand_demon_4,
          layout_stronghold, evilmike_mini_pan_3x3, layout_chambers,
          nicolae_pan_gloorx_vloqian_3, nicolae_pan_strange_glyphs
          [nicolae_pan_strange_glyph_contempt,
          nicolae_pan_strange_glyph_disgust, nicolae_pan_strange_glyph_rage],
          grunt_pan_in_and_out, layout_pan_divisions_a
          [pan_division_quadrant_a4, pan_division_quadrant_a4,
          pan_division_quadrant_a3, pan_division_quadrant_a4,
          pan_division_octagon_halves], nicolae_pan_glass_arcs, layout_chambers,
          evilmike_mini_pan_V, layout_pan_divisions_a [pan_division_quadrant_a6,
          pan_division_quadrant_a3, pan_division_quadrant_a1,
          pan_division_quadrant_a4, pan_division_octagon_box],
          evilmike_mini_pan_thingy, layout_rooms, uniq_ignacio,
          nicolae_pan_sigil_uleosi, rand_demon_8, layout_irregular_city,
          pan_blood_fountain, evilmike_mini_pan_doors_b, layout_pan_divisions_b
          [pan_division_quadrant_b6, pan_division_quadrant_b5,
          pan_division_quadrant_b4, pan_division_quadrant_b6],
          nicolae_pan_gloorx_vloqian_4, evilmike_mini_pan_rooms, layout_rooms,
          evilmike_mini_pan_pillars, layout_basic, grunt_pan_spiral,
          layout_small_grid, evilmike_mini_pan_possible_glass,
          layout_stronghold, pan_blood_fountain_small, evilmike_mini_pan_thingy,
          layout_long_grid, nicolae_pan_door_chamber, layout_gridlike,
          nicolae_pan_diamonds, layout_basic, nicolae_pan_mnolegish_1,
          evilmike_mini_pan_thingy, layout_basic, gammafunk_dig_for_victory,
          layout_irregular_city, nicolae_pan_sick_transit,
          evilmike_mini_pan_3x3, layout_basic, nicolae_pan_strange_glyphs
          [nicolae_pan_strange_glyph_disappointment,
          nicolae_pan_strange_glyph_angst], nicolae_pan_sigil_uleosi,
          evilmike_mini_pan_pillars, layout_rooms, uniq_mennas_pan,
          rand_demon_2, layout_small_grid, evilmike_mini_pan_V, layout_basic,
          nicolae_pan_mnolegish_4, nicolae_pan_sigil_nadil,
          nicolae_pan_hourglass, layout_cellular_growth, grunt_pan_sceptre,
          layout_grid_shapes, pan_blood_fountain, reaverb_pan_squares,
          pan_surprise, nicolae_pan_giant_door, layout_pan_divisions_b
          [pan_division_quadrant_b1, pan_division_quadrant_b2,
          pan_division_quadrant_b5, pan_division_quadrant_b6],
          pan_blood_fountain, grunt_pan_zigzag, layout_chambers,
          nicolae_pan_mnolegish_2, pan_disco_hall, layout_small_grid,
          pan_blood_fountain_small, evilmike_mini_pan_doors, layout_basic,
          evilmike_mini_pan_diamond, layout_basic, evilmike_mini_pan_T,
          layout_cross, evilmike_mini_pan_possible_glass, layout_gridlike,
          grunt_pan_zigzag, layout_gridlike, nicolae_pan_cerebovesque_3,
          evilmike_mini_pan_layers, layout_onion_city, pan_blood_fountain,
          evilmike_mini_pan_pillars, layout_onion_city, rand_demon_4,
          layout_pan_divisions_a [pan_division_quadrant_a2,
          pan_division_quadrant_a5, pan_division_quadrant_a2,
          pan_division_quadrant_a4, pan_division_octagon_empty],
          grunt_pan_pentagram, layout_gridville, rand_demon_3,
          layout_onion_city, nicolae_pan_mnolegish_4, nicolae_pan_sigil_uleosi,
          evilmike_mini_pan_doors, layout_pan_divisions_a
          [pan_division_quadrant_a4, pan_division_quadrant_a5,
          pan_division_quadrant_a5, pan_division_quadrant_a5,
          pan_division_octagon_empty], nicolae_pan_mnolegish_5, rand_demon_2,
          layout_rooms, evilmike_mini_pan_branches, layout_pan_divisions_a
          [pan_division_quadrant_a6, pan_division_quadrant_a5,
          pan_division_quadrant_a6, pan_division_quadrant_a2,
          pan_division_octagon_divided], grunt_pan_zigzag, layout_chambers,
          nicolae_pan_mnolegish_2, grunt_pan_pentagram, layout_grid_shapes,
          rand_demon_8, layout_onion_city, evilmike_mini_pan_doors,
          layout_gridville, pan_blood_fountain_small, rand_demon_9,
          layout_chambers, pan_blood_fountain_small, nicolae_pan_sigil_itan,
          rand_demon_8, layout_irregular_city, pan_blood_fountain_small,
          nicolae_pan_sick_transit, nicolae_pan_cerebovesque_4,
          nicolae_pan_sigil_uleosi, nicolae_pan_strange_glyphs
          [nicolae_pan_strange_glyph_angst], lemuel_hellion_island,
          layout_cellular_growth, pan_blood_fountain_small,
          nicolae_pan_mnolegish_2, evilmike_mini_pan_pillars_b,
          layout_grid_shapes, nicolae_pan_sigil_uleosi, evilmike_mini_pan_T,
          layout_basic, rand_demon_1, layout_stronghold,
          evilmike_mini_pan_doors, layout_pan_divisions_a
          [pan_division_quadrant_a3, pan_division_quadrant_a5,
          pan_division_quadrant_a6, pan_division_quadrant_a6,
          pan_division_octagon_halves], grunt_pan_frozen_over, layout_basic,
          evilmike_mini_pan_doors, layout_pan_divisions_a
          [pan_division_quadrant_a4, pan_division_quadrant_a3,
          pan_division_quadrant_a3, pan_division_quadrant_a6,
          pan_division_octagon_halves], nicolae_pan_diamonds, layout_basic,
          nicolae_pan_sigil_uleosi, nicolae_pan_diamonds, layout_irregular_city,
          pan_blood_fountain, nicolae_pan_sigil_nadil,
          evilmike_mini_pan_pillars, layout_basic, nicolae_pan_door_chamber,
          layout_long_grid, pan_blood_fountain_small, nicolae_pan_sigil_itan,
          nicolae_pan_mnolegish_2, nicolae_pan_double_arrow,
          layout_irregular_city, nicolae_pan_lom_lobonic_2,
          evilmike_mini_pan_pillars_b, layout_stronghold,
          nicolae_pan_strange_glyphs [nicolae_pan_strange_glyph_schadenfreude,
          nicolae_pan_strange_glyph_angst,
          nicolae_pan_strange_glyph_humiliation,
          nicolae_pan_strange_glyph_despair,
          nicolae_pan_strange_glyph_melancholia], nicolae_pan_gloorx_vloqian_1,
          evilmike_mini_pan_doors, layout_irregular_city, pan_blood_fountain,
          evilmike_mini_pan_corner, layout_small_grid, pan_blood_fountain_small,
          nicolae_pan_mnolegish_4, evilmike_mini_pan_doors, layout_rooms,
          pan_blood_fountain_2, pan_blood_fountain_small,
          evilmike_mini_pan_thingy, layout_pan_divisions_b
          [pan_division_quadrant_b6, pan_division_quadrant_b6,
          pan_division_quadrant_b5, pan_division_quadrant_b4],
          pan_blood_fountain_small, nicolae_pan_mnolegish_4, rand_demon_2,
          layout_cellular_growth, grunt_pan_sceptre, layout_cellular_growth,
          pan_blood_fountain_small, evilmike_mini_pan_thingy, layout_gridville,
          rand_demon_4, layout_gridlike, reaverb_pan_chaos_star,
          nicolae_pan_cerebovesque_1, nicolae_pan_double_arrow,
          layout_grid_shapes, nicolae_pan_mnolegish_2,
          evilmike_mini_pan_doors_b, layout_rooms, rand_demon_6, layout_rooms,
          evilmike_mini_pan_possible_glass, layout_gridlike,
          grunt_pan_pentagram, layout_pan_divisions_a [pan_division_quadrant_a2,
          pan_division_quadrant_a6, pan_division_quadrant_a3,
          pan_division_quadrant_a4, pan_division_octagon_empty],
          nicolae_pan_cerebovesque_2, rand_demon_6, layout_onion_city,
          pan_blood_fountain_small

Skill      XL: |  1  2  3  4  5  6  7  8  9 10 11 12 13 14 15 16 17 18 19 20 21 22 23 24 25 26 27 |
---------------+----------------------------------------------------------------------------------+-----
Maces & Flails | 3 5 6 7 8 10 11 12 13 15 16 17 18 19 20 21 22 27 | 27.0
Fighting       | 4 5 6 7 8 9 10 11 12 13 14 15 16 17 18 19 20 21 27 | 27.0
Armour         | 4 5 6 7 8 9 10 11 12 13 14 15 16 17 27 | 27.0
Invocations    | 1 2 3 4 5 6 7 8 9 10 11 12 13 14 15 16 27 | 27.0
Dodging        | 1 2 3 4 5 6 7 8 9 10 11 12 27 | 27.0
Shields        | 4 5 7 9 10 12 13 14 15 16 17 19 20 21 22 23 24 25 26 27 | 27.0
Throwing       | 2 3 4 5 6 7 8 9 10 11 12 13 27 | 27.0
Spellcasting   | 21 | 21.2
Ice Magic      | 21 | 21.3
Axes           | 22 | 22.7
Evocations     | 2 |  2.9
Stealth        | 2 |  2.2

Action                   |  1- 3 |  4- 6 |  7- 9 | 10-12 | 13-15 | 16-18 | 19-21 | 22-24 | 25-27 || total
-------------------------+-------+-------+-------+-------+-------+-------+-------+-------+-------++-------
Melee: Flail             |   105 |    15 |     4 |   838 |       |       |       |       |       ||   962
       Mace              |       |    51 |   389 |       |       |       |       |       |       ||   440
       Eveningstar       |       |       |       |     1 |   976 |  1223 |  1547 |  1829 |  2915 ||  8491
       Sacred scourge    |       |       |       |       |       |       |       |   413 | 12082 || 12495
       Headbutt          |       |       |       |       |       |       |       |       |   597 ||   597
       Unarmed           |       |       |       |       |       |       |       |       |     9 ||     9
Throw: Boomerang         |       |       |       |    16 |       |       |       |       |    50 ||    66
Invok: Summon Divine War |       |       |       |       |     1 |       |       |       |     6 ||     7
       Brand Weapon With |       |       |       |       |       |       |       |     1 |       ||     1
       Cleansing Flame   |       |       |       |       |       |       |       |       |     1 ||     1
Evoke: Wand              |       |       |       |    16 |     3 |     4 |     1 |       |    14 ||    38
       Phantom mirror    |       |       |       |       |       |       |       |       |     1 ||     1
  Use: Scroll            |     4 |     5 |     6 |    11 |    12 |     7 |     7 |    15 |    44 ||   111
       Potion            |       |       |     4 |     5 |    10 |     6 |       |       |    64 ||    89
Armor: Crystal plate arm |   117 |    44 |   316 |   623 |   781 |   848 |   675 |   550 |  4325 ||  8279
       Scale mail        |     3 |       |       |       |       |       |       |       |       ||     3
Dodge: Dodged            |    17 |     2 |    45 |   140 |   232 |   285 |   397 |   378 |  2741 ||  4237
Block: Buckler           |    16 |     1 |       |       |       |       |       |       |       ||    17
       Kite shield       |       |    26 |   369 |   819 |   987 |  1661 |   360 |       |       ||  4222
       Reflection        |       |       |       |       |     2 |   147 |   184 |    48 |   356 ||   737
       Tower shield      |       |       |       |       |       |       |  1725 |  2304 | 15421 || 19450
       Other             |       |       |       |       |       |       |       |       |     1 ||     1

Table legend: (Time is in decaauts)
 A = Elapsed time spent in this place.
 B = Non-inter-level travel time spent in this place.
 C = Inter-level travel time spent in this place.
 D = Time resting spent in this place.
 E = Time spent auto-exploring this place.
 F = Levels seen in this place.
 G = Mean time per level.
                   A        B        C        D        E       F      G
               +--------+--------+--------+--------+--------+-----+--------+
         Total | 166885 | 158270 |   8615 |  19222 |  88883 | 167 |  999.3 |
       Dungeon |  19363 |  16177 |   3186 |   1601 |  10534 |  15 | 1290.9 |
        Temple |    115 |     95 |     20 |      0 |     78 |   1 |  115.0 |
          Lair |   8165 |   7038 |   1127 |   1537 |   4121 |   6 | 1360.8 |
         Swamp |   5379 |   5077 |    302 |   1075 |   2625 |   4 | 1344.8 |
     Snake Pit |   7939 |   7500 |    439 |   2082 |   2941 |   4 | 1984.8 |
    Slime Pits |   4715 |   4522 |    193 |   1198 |   2061 |   5 |  943.0 |
  Orcish Mines |   2734 |   2440 |    294 |   1090 |    760 |   2 | 1367.0 |
   Elven Halls |   4783 |   4194 |    589 |    907 |   1926 |   3 | 1594.3 |
        Vaults |  10131 |   8981 |   1150 |   1796 |   4597 |   5 | 2026.2 |
         Crypt |   4090 |   3936 |    154 |    326 |   2049 |   3 | 1363.3 |
        Depths |   6549 |   5798 |    751 |   1033 |   3056 |   4 | 1637.2 |
          Hell |    546 |    542 |      4 |      0 |    235 |   1 |  546.0 |
           Zot |   6647 |   6247 |    400 |   1685 |   2532 |   5 | 1329.4 |
         Abyss |   2560 |   2560 |      0 |    135 |    886 |   5 |  512.0 |
   Pandemonium |  81978 |  81978 |      0 |   4298 |  50291 | 101 |  811.7 |
        Bazaar |     90 |     90 |      0 |      0 |     48 |   1 |   90.0 |
         Sewer |    274 |    274 |      0 |      0 |    141 |   1 |  274.0 |
      Ice Cave |    819 |    819 |      0 |    456 |      0 |   1 |  819.0 |
               +--------+--------+--------+--------+--------+-----+--------+

Top non-repeatable levels by time:
 Snake:1: 2807 daAuts
Vaults:4: 2559 daAuts
Vaults:2: 2381 daAuts
 Snake:3: 2280 daAuts
Depths:2: 2215 daAuts
 Swamp:2: 2117 daAuts
 Abyss:3: 2065 daAuts
Vaults:3: 2062 daAuts
    D:11: 2018 daAuts
 Crypt:3: 1975 daAuts
   Zot:3: 1900 daAuts
Vaults:1: 1807 daAuts
    D:12: 1804 daAuts
 Snake:4: 1783 daAuts
 Swamp:4: 1744 daAuts
